Workbook

Sheet MENU PLANILHA
A1: PRÓ-REITORIA DE ADMINISTRAÇÃO
A2: COORDENAÇÃO DE CONTRATOS
A5: Contratação de empresa para prestação de serviços continuados de Manutenção preventiva e corretiva de equipamentos de refrigeração Central, com fornecimento de materiais de reposição e atendimento na Universidade Federal Fluminense
E16: dos Equipamentos (preenchimento licitante)

Sheet An IIA Distribuição Postos
A1: PRÓ-REITORIA DE ADMINISTRAÇÃO
A2: COORDENAÇÃO DE CONTRATOS
A4: Anexo II - A - DISTRIBUIÇÃO DOS POSTOS
A5: Contratação de empresa para prestação de serviços continuados de Manutenção preventiva e corretiva de equipamentos de refrigeração Central, com fornecimento de materiais de reposição e atendimento na Universidade Federal Fluminense
A7: DISCRIMINAÇÃO DO POSTO
A8: Local | B8: Encarregado geral 44h | C8: Auxiliar de Refrigeração 12x36 Diurno | D8: Auxiliar de Refrigeração 12x36 Noturno | E8: Auxiliar de Refrigeração 44h | F8: Mecânico de Ar Central 44h | G8: Mecânico de Ar Central 12x36h Diurno | H8: Mecânico de Ar Central 12x36h Noturno | I8: TOTAL
A9: SOMA | B9: 1 | C9: 1 | D9: 1 | E9: 4 | F9: 4 | G9: 1 | H9: 1 | I9: =SUM(B9:H9) -> 13
A10: Campos dos Goytacazes | B10: 1 | C10: 0 | D10: 0 | E10: 2 | F10: 1 | G10: 0 | H10: 0 | I10: =SUM(B10:H10) -> 4
A11: TOTAL | B11: =SUM(B9:B10) -> 2 | C11: =SUM(C9:C10) -> 1 | D11: =SUM(D9:D10) -> 1 | E11: =SUM(E9:E10) -> 6 | F11: =SUM(F9:F10) -> 5 | G11: =SUM(G9:G10) -> 1 | H11: =SUM(H9:H10) -> 1 | I11: =SUM(B11:H11) -> 17

Sheet An IIB Relação das Unidades
A1: PRÓ-REITORIA DE ADMINISTRAÇÃO
A2: COORDENAÇÃO DE CONTRATOS
A4: Anexo II B - ENDEREÇO DAS UNIDADES UFF
A5: Contratação de empresa para prestação de serviços continuados de Manutenção preventiva e corretiva de equipamentos de refrigeração Central, com fornecimento de materiais de reposição e atendimento na Universidade Federal Fluminense
B7: Unidade | C7: Endereço
B8: Reitoria Ceart | C8: Rua Miguel de Frias, 9 - Icaraí - Niterói - RJ
B9: Faculdade de Medicina | C9: Av. Marquês de Paraná, 303 - Centro, Niterói
B10: Instituto Biomédico - Bloco E | C10: Outeiro São João Batista, s/n - Centro, Niterói
B11: Bloco D - Faculdade de Educação | C11: Rua Professor Marcos Valdemar de Freitas Reis, s/n - São Domingos, Niterói
B12: Bloco F - Faculdade de Economia
B13: Bloco G - Instituto de Matemática e Estatística e Faculdade de Turismo
B14: Bloco H - Faculdade de Turismo e Hotelaria
B15: Bloco J - IACS novo
B16: Bloco M - Instituto de Biologia
B17: Bloco P - Instituto de Ciências Humanas e Filosofia - ICHF
B18: Biblioteca Central do Gragoatá
B19: Instituto de Geociências - Blocos O e P | C19: Rua Passo da Pátria, n.º 156, bairro São Domingos, Niterói - RJ
B20: Instituto de Física - Bloco N
B21: Pólo Campos Goytacazes (incluindo SPA) | C21: Av. XV de Novembro, s/n - Centro, Campos dos Goytacazes

Sheet An IIC1 Uniformes Item 1
A1: PRÓ-REITORIA DE ADMINISTRAÇÃO
A2: COORDENAÇÃO DE CONTRATOS
A4: Anexo II - C1 - RELAÇÃO DE UNIFORMES EPIS E MATERIAIS
A5: ITEM 1 - NITERÓI/RJ
A6: Contratação de empresa para prestação de serviços continuados de Manutenção preventiva e corretiva de equipamentos de refrigeração Central, com fornecimento de materiais de reposição e atendimento na Universidade Federal Fluminense
A7: UNIFORMES ENCARREGADOS
A8: ITEM | B8: DISCRIMINAÇÃO UNIFORME | C8: QUANT. ANUAL | D8: UNIDADE | E8: VALOR | G8: Conjunto de uniforme
E9: UNITÁRIO | F9: TOTAL ANUAL POR FUNCIONÁRIO
A10: 1.1 | B10: Calça comprida jeans, modelo tradicional, com bolsos laterais e traseiros, fechamento com botão e zíper | C10: 6 | D10: unid. | E10: 53.82 | F10: =E10*C10 -> 322.92 | G10: Cada conjunto de uniforme será composto por: 3 calças, 3 camisas, 5 pares de meia, 1 capa de chuva, 1 sapato e 1 crachá.
A11: 1.2 | B11: Camisa polo, malha piquet, com emblema da empresa e os dizeres A SERVIÇO DA UFF | C11: 6 | D11: unid. | E11: 37.73 | F11: =E11*C11 -> 226.38
A12: 1.3 | B12: Par de meia, mínimo de 70% algodão, cano médio | C12: 10 | D12: par | E12: 8.6 | F12: =E12*C12 -> 86
A13: 1.4 | B13: Capa de chuva plástica, com faixas fluorescentes, material pvc, uso profissional. | C13: 2 | D13: unid. | E13: 19.05 | F13: =E13*C13 -> 38.1
A14: 1.5 | B14: Sapato fechado profissional, com cadarço, acolchoado, tipo derby, em couro preto | C14: 2 | D14: par | E14: 48.07 | F14: =E14*C14 -> 96.14
A15: 1.6 | B15: Crachá funcional, em pvc, com foto, nome e cargo. | C15: 1 | D15: unid. | E15: 2.66 | F15: =E15*C15 -> 2.66
A16: Total anual por funcionário | F16: =SUM(F10:F15) -> 772.2
A17: Total mensal UNIFORME por funcionário | F17: =F16/12 -> 64.35
A19: UNIFORMES TÉCNICO E AUXILIAR DE REFRIGERAÇÃO
A20: ITEM | B20: DISCRIMINAÇÃO UNIFORME | C20: QUANT. ANUAL | D20: UNIDADE | E20: VALOR | G20: Conjunto de uniforme
E21: UNITÁRIO | F21: TOTAL ANUAL POR FUNCIONÁRIO
A22: 2.1 | B22: Calça comprida, material brim, modelo unissex, com elástico e cordão na cintura, 2 bolsos laterais e 2 traseiros | C22: 6 | D22: unid. | E22: 45.33 | F22: =E22*C22 -> 271.98 | G22: Cada conjunto de uniforme será composto por: 3 calças, 3 camisetas, 5 pares de meia, 1 capa de chuva, 2 jalecos e 1 crachá.
A23: 2.2 | B23: Camiseta, material 100% algodão, tipo manga curta, gola redonda, identificada com logomarca da empresa os dizeres A SERVIÇO DA UFF | C23: 6 | D23: unid. | E23: 7.77 | F23: =E23*C23 -> 46.62
A24: 2.3 | B24: Par de meia, mínimo de 70% algodão, cano médio | C24: 10 | D24: par | E24: 8.6 | F24: =E24*C24 -> 86
A25: 2.4 | B25: Capa de chuva plástica, com faixas fluorescentes, material pvc, uso profissional. | C25: 2 | D25: unid. | E25: 19.05 | F25: =E25*C25 -> 38.1
A26: 2.5 | B26: Jaleco profissional em brim leve, manga curta, fechamento com botões, com um bolso frontal, gola esporte e com logomarca da empresa. | C26: 4 | D26: unid. | E26: 15.77 | F26: =E26*C26 -> 63.08
A27: 2.6 | B27: Crachá funcional, em pvc, com foto, nome e cargo. | C27: 1 | D27: unid. | E27: 2.66 | F27: =E27*C27 -> 2.66
A28: Total anual por funcionário | F28: =SUM(F22:F27) -> 508.44
A29: Total mensal UNIFORME por funcionário | F29: =F28/12 -> 42.37
A30: EPIS TÉCNICO E AUXILIAR DE REFRIGERAÇÃO
A31: Subitem | B31: Descrição | C31: QT. INICIAL | D31: QT. SEMESTRE | E31: Quantidade Anual por Funcionário | F31: Valor unitário estimado R$ | G31: Valor total anual
A32: 1 | B32: Botina de segurança com elástico coberto, cabedal confeccionado em couro curtido ao cromo, com forração em sintético, solado de PU, Bi densidade, injetado diretamente ao cabedal. Marca Marluvas ou similar. (PAR) | C32: 1 | D32: 1 | E32: 2 | F32: 52.11 | G32: =F32*E32 -> 104.22
A33: 2 | B33: Capacete de segurança classe A, com jugular (UN) | C33: 1 | D33: 1 | E33: 2 | F33: 12 | G33: =F33*E33 -> 24
A34: 3 | B34: Luva de algodão tricotada pigmentada (PAR) | C34: 1 | D34: 1 | E34: 2 | F34: 3.66 | G34: =F34*E34 -> 7.32
A35: 4 | B35: Máscara descartável Pff2 Caixa com 50 unidades | C35: 2 | D35: 2 | E35: 4 | F35: 6.17 | G35: =F35*E35 -> 24.68
A36: 5 | B36: Óculos de segurança incolor | C36: 1 | D36: 1 | E36: 2 | F36: 4.33 | G36: =F36*E36 -> 8.66
A37: 6 | B37: Protetor auricular tipo concha com haste atrás da nuca | C37: 1 | D37: 1 | E37: 2 | F37: 11.57 | G37: =F37*E37 -> 23.14
A38: 7 | B38: Avental de raspa (UN) | C38: 1 | D38: 1 | E38: 2 | F38: 31.82 | G38: =F38*E38 -> 63.64
A39: 8 | B39: Luva de látex, cano 26cm, palma antiderrapante (PAR) | C39: 2 | D39: 1 | E39: 3 | F39: 6.52 | G39: =F39*E39 -> 19.56
A40: 9 | B40: Luva nitrílica com forro cano médio | C40: 2 | D40: 1 | E40: 3 | F40: 6.32 | G40: =F40*E40 -> 18.96
A41: 10 | B41: Luva de raspa soldador (PAR) | C41: 1 | D41: 1 | E41: 2 | F41: 13.2 | G41: =F41*E41 -> 26.4
A42: 11 | B42: Luva de vaqueta de couro mista, cano curto (PAR) | C42: 2 | D42: 1 | E42: 3 | F42: 9.8 | G42: =F42*E42 -> 29.4
A43: 12 | B43: Mangote de raspa (par) | C43: 1 | D43: 1 | E43: 2 | F43: 20.92 | G43: =F43*E43 -> 41.84
... A48: 17 | B48: Trava queda para corda até 12mm (UN) | C48: 1 | D48: 1 | E48: 2 | F48: 125.78 | G48: =F48*E48 -> 251.56
A49: Total anual por funcionário | G49: =SUM(G32:G48) -> 1601.49
A50: EPIS - Valor mensal por funcionário | G50: =G49/12 -> 133.4575
A51: UNIFORMES MAIS EPIS - Valor mensal por funcionário | G51: =G50+F29 -> 175.8275
A53: Custo estimado de combustível para 1000 km/ mês (APENAS ITEM 1 - NITERÓI)
A54: Item | B54: Consumo médio Km/l | C54: Franquia | D54: Valor médio da Gasolina (litro) | E54: Quantidade média de litros por mês | F54: Custo mensal estimado
A56: 2 | B56: 13.5 | C56: 1000 | D56: 5.78 | E56: =1000/B56 -> 74.074074 | F56: =E56*D56 -> 428.14815
A58: Estimativa de custo para combustível, com franquia mensal de 1000 Km, deslocamentos em Niterói | E58: Valor mensal (R$) | F58: Custo anual (R$)
E59: =F56 -> 428.14815 | F59: =E59*12 -> 5137.7778
A60: CUSTO de Combustível Encarregado Niterói | E60: =E59 -> 428.14815 | F60: =E60*12 -> 5137.7778
A61: Consulta ao site <https://app.powerbi.com/view?r=eyJrIjoiMGM0NDhhMTUtMjQwZi00N2RlLTk1M2UtYjkxZTlkNzM1YzE5IiwidCI6IjQ0OTlmNGZmLTI0YTYtNGI0Mi1iN2VmLTEyNGFmY2FkYzkxMyJ9> Acesso em 15/01/2025
A63: Custo estimado de Gás Refrigerante
A64: Item | B64: Descrição | C64: Quantidade Mês | D64: Valor médio do Gás Cilindro | E64: Custo mensal estimado
A66: 3 | B66: Gás Refrigerante R-22 Cilindro 13 kg | C66: 4 | D66: 827.77 | E66: =C66*D66 -> 3311.08
A67: 4 | B67: Gás Refrigerante R-407 Cilindro 11,35 Kg | C67: 5 | D67: 1023.73 | E67: =C67*D67 -> 5118.65
A68: 5 | B68: Gás Refrigerante R-410 Cilindro 11,35 kg | C68: 10 | D68: 650 | E68: =C68*D68 -> 6500
E69: =SUM(E66:E68) -> 14929.73

Sheet An IIC2 Uniformes Item2
A1: PRÓ-REITORIA DE ADMINISTRAÇÃO
A2: COORDENAÇÃO DE CONTRATOS
A4: Anexo II - C2 - RELAÇÃO DE UNIFORMES EPIS E MATERIAIS
A5: ITEM 2- CAMPOS DOS GOYTACAZES/RJ
A6: Contratação de empresa para prestação de serviços continuados de Manutenção preventiva e corretiva de equipamentos de refrigeração Central, com fornecimento de materiais de reposição e atendimento na Universidade Federal Fluminense
A7: UNIFORMES ENCARREGADOS
A8: ITEM | B8: DISCRIMINAÇÃO UNIFORME | C8: QUANT. ANUAL | D8: UNIDADE | E8: VALOR | G8: Conjunto de uniforme
E9: UNITÁRIO | F9: TOTAL ANUAL POR FUNCIONÁRIO
A10: 1.1 | B10: Calça comprida jeans, modelo tradicional, com bolsos laterais e traseiros, fechamento com botão e zíper | C10: 6 | D10: unid. | E10: 53.82 | F10: =E10*C10 -> 322.92 | G10: Cada conjunto de uniforme será composto por: 3 calças, 3 camisas, 5 pares de meia, 1 capa de chuva e 1 crachá.
A11: 1.2 | B11: Camisa polo, malha piquet, com emblema da empresa e os dizeres A SERVIÇO DA UFF | C11: 6 | D11: unid. | E11: 37.73 | F11: =E11*C11 -> 226.38
A12: 1.3 | B12: Par de meia, mínimo de 70% algodão, cano médio | C12: 10 | D12: par | E12: 8.6 | F12: =E12*C12 -> 86
A13: 1.4 | B13: Capa de chuva plástica, com faixas fluorescentes, material pvc, uso profissional. | C13: 2 | D13: unid. | E13: 19.05 | F13: =E13*C13 -> 38.1
A14: 1.5 | B14: Sapato fechado profissional, com cadarço, acolchoado, tipo derby, em couro preto | C14: 2 | D14: par | E14: 48.07 | F14: =E14*C14 -> 96.14
A15: 1.6 | B15: Crachá funcional, em pvc, com foto, nome e cargo. | C15: 1 | D15: unid. | E15: 2.66 | F15: =E15*C15 -> 2.66
A16: Total anual por funcionário | F16: =SUM(F10:F15) -> 772.2
A17: Total mensal UNIFORME por funcionário | F17: =F16/12 -> 64.35
A19: UNIFORMES TÉCNICO E AUXILIAR DE REFRIGERAÇÃO
A20: ITEM | B20: DISCRIMINAÇÃO UNIFORME | C20: QUANT. ANUAL | D20: UNIDADE | E20: VALOR | G20: Conjunto de uniforme
E21: UNITÁRIO | F21: TOTAL ANUAL POR FUNCIONÁRIO
A22: 2.1 | B22: Calça comprida, material brim, modelo unissex, com elástico e cordão na cintura, 2 bolsos laterais e 2 traseiros | C22: 6 | D22: unid. | E22: 45.33 | F22: =E22*C22 -> 271.98 | G22: Cada conjunto de uniforme será composto por: 3 calças, 3 camisetas, 5 pares de meia, 1 capa de chuva, 2 jalecos e 1 crachá.
A23: 2.2 | B23: Camiseta, material 100% algodão, tipo manga curta, gola redonda, identificada com logomarca da empresa os dizeres A SERVIÇO DA UFF | C23: 6 | D23: unid. | E23: 7.77 | F23: =E23*C23 -> 46.62
A24: 2.3 | B24: Par de meia, mínimo de 70% algodão, cano médio | C24: 10 | D24: par | E24: 8.6 | F24: =E24*C24 -> 86
A25: 2.4 | B25: Capa de chuva plástica, com faixas fluorescentes, material pvc, uso profissional. | C25: 2 | D25: unid. | E25: 19.05 | F25: =E25*C25 -> 38.1
A26: 2.5 | B26: Jaleco profissional em brim leve, manga curta, fechamento com botões, com um bolso frontal, gola esporte e com logomarca da empresa. | C26: 4 | D26: unid. | E26: 15.77 | F26: =E26*C26 -> 63.08
A27: 2.6 | B27: Crachá funcional, em pvc, com foto, nome e cargo. | C27: 1 | D27: unid. | E27: 2.66 | F27: =E27*C27 -> 2.66
A28: Total anual por funcionário | F28: =SUM(F22:F27) -> 508.44
A29: Total mensal UNIFORME por funcionário | F29: =F28/12 -> 42.37
A30: EPIS TÉCNICO E AUXILIAR DE REFRIGERAÇÃO
A31: Subitem | B31: Descrição | C31: QT. INICIAL | D31: QT. SEMESTRE | E31: Quantidade Anual por Funcionário | F31: Valor unitário estimado R$ | G31: Valor total anual
A32: 1 | B32: Botina de segurança com elástico coberto, cabedal confeccionado em couro curtido ao cromo, com forração em sintético, solado de PU, Bi densidade, injetado diretamente ao cabedal. Marca Marluvas ou similar. (PAR) | C32: 1 | D32: 1 | E32: 2 | F32: 52.11 | G32: =F32*E32 -> 104.22
A33: 2 | B33: Capacete de segurança classe A, com jugular (UN) | C33: 1 | D33: 1 | E33: 2 | F33: 12 | G33: =F33*E33 -> 24
A34: 3 | B34: Luva de algodão tricotada pigmentada (PAR) | C34: 1 | D34: 1 | E34: 2 | F34: 3.66 | G34: =F34*E34 -> 7.32
A35: 4 | B35: Máscara descartável Pff2 Caixa com 50 unidades | C35: 2 | D35: 2 | E35: 4 | F35: 6.17 | G35: =F35*E35 -> 24.68
A36: 5 | B36: Óculos de segurança incolor | C36: 1 | D36: 1 | E36: 2 | F36: 4.33 | G36: =F36*E36 -> 8.66
A37: 6 | B37: Protetor auricular tipo concha com haste atrás da nuca | C37: 1 | D37: 1 | E37: 2 | F37: 11.57 | G37: =F37*E37 -> 23.14
A38: 7 | B38: Avental de raspa (UN) | C38: 1 | D38: 1 | E38: 2 | F38: 31.82 | G38: =F38*E38 -> 63.64
A39: 8 | B39: Luva de látex, cano 26cm, palma antiderrapante (PAR) | C39: 2 | D39: 1 | E39: 3 | F39: 6.52 | G39: =F39*E39 -> 19.56
A40: 9 | B40: Luva nitrílica com forro cano médio | C40: 2 | D40: 1 | E40: 3 | F40: 6.32 | G40: =F40*E40 -> 18.96
A41: 10 | B41: Luva de raspa soldador (PAR) | C41: 1 | D41: 1 | E41: 2 | F41: 13.2 | G41: =F41*E41 -> 26.4
A42: 11 | B42: Luva de vaqueta de couro mista, cano curto (PAR) | C42: 2 | D42: 1 | E42: 3 | F42: 9.8 | G42: =F42*E42 -> 29.4
A43: 12 | B43: Mangote de raspa (par) | C43: 1 | D43: 1 | E43: 2 | F43: 20.92 | G43: =F43*E43 -> 41.84
... A48: 17 | B48: Trava queda para corda até 12mm (UN) | C48: 1 | D48: 1 | E48: 2 | F48: 125.78 | G48: =F48*E48 -> 251.56
A49: Total anual por funcionário | G49: =SUM(G32:G48) -> 1601.49
A50: EPIS - Valor mensal por funcionário | G50: =G49/12 -> 133.4575
A51: UNIFORMES MAIS EPIS - Valor mensal por funcionário | G51: =G50+F29 -> 175.8275
A54: Custo estimado de Gás Refrigerante
A55: Item | B55: Descrição | C55: Quantidade Mês | D55: Valor médio do Gás Cilindro | E55: Custo mensal estimado
A57: 3 | B57: Gás Refrigerante R-22 Cilindro 13 kg | C57: 2 | D57: 827.77 | E57: =C57*D57 -> 1655.54
A58: 4 | B58: Gás Refrigerante R-407 Cilindro 11,35 Kg | C58: 2 | D58: 1023.73 | E58: =C58*D58 -> 2047.46
A59: 5 | B59: Gás Refrigerante R-410 Cilindro 11,35 kg | C59: 2 | D59: 650 | E59: =C59*D59 -> 1300
E60: =SUM(E57:E59) -> 5003

Sheet An IID Equip Item 1
A1: PRÓ-REITORIA DE ADMINISTRAÇÃO
A2: COORDENAÇÃO DE CONTRATOS
A4: Anexo II - D - RELAÇÃO DE EQUIPAMENTOS
A5: ITEM 1 - NITERÓI/RJ
A6: Contratação de empresa para prestação de serviços continuados de Manutenção preventiva e corretiva de equipamentos de refrigeração Central, com fornecimento de materiais de reposição e atendimento na Universidade Federal Fluminense
A8: ITEM | B8: DESCRIÇÃO | C8: QTDE. | D8: CUSTO UNITÁRIO | E8: CUSTO TOTAL
A9: 1 | B9: Chave de fenda 3 /16 x 6” | C9: 7 | D9: 3.87 | E9: =D9*C9 -> 27.09
A10: 2 | B10: Chave de fenda 1 /4 x 6” | C10: 7 | D10: 6.83 | E10: =D10*C10 -> 47.81
A11: 3 | B11: Chave de fenda 5 /16 x 6” | C11: 7 | D11: 8.61 | E11: =D11*C11 -> 60.27
A12: 4 | B12: Chave de fenda sindal 1 /8 | C12: 7 | D12: 3.41 | E12: =D12*C12 -> 23.87
A13: 5 | B13: Chave de Philips 3 /16 x 6“ | C13: 7 | D13: 4.35 | E13: =D13*C13 -> 30.45
A14: 6 | B14: Chave de Philips 1 /8 x 6” | C14: 7 | D14: 2.04 | E14: =D14*C14 -> 14.28
A15: 7 | B15: Chave de Philips 1 /4 x 6” | C15: 7 | D15: 4.1 | E15: =D15*C15 -> 28.7
A16: 8 | B16: Chave de Philips 5 /16 x 6” | C16: 7 | D16: 7.97 | E16: =D16*C16 -> 55.79
A17: 9 | B17: Chave inglesa (boca ajustável) 8” | C17: 7 | D17: 24.12 | E17: =D17*C17 -> 168.84
A18: 10 | B18: Chave inglesa (boca ajustável) 10” | C18: 7 | D18: 31.64 | E18: =D18*C18 -> 221.48
A19: 11 | B19: Chave inglesa (boca ajustável) 12” | C19: 7 | D19: 37.86 | E19: =D19*C19 -> 265.02
A20: 12 | B20: Alicate universal 1000v | C20: 7 | D20: 37.12 | E20: =D20*C20 -> 259.84
... A67: 59 | B67: Veículo com capacidade para 5 passageiros, 5 portas, com no máximo 1 ano de fabricação, motor 1,0 L, com ar condicionado e direção elétrica assistida. Modelo comercial de referência: ONIX SEDAN Plus LT 1.0 12V TB Flex Mec (Sem Motorista e com todas as taxas e impostos regularizadas) Tabela FIPE mês de janeiro/2025 | C67: 1 | D67: 110413 | E67: =D67*C67 -> 110413
A68: Total | E68: =SUM(E9:E67) -> 190649.95
A69: Taxa de Depreciação Anual (A taxa de depreciação utilizada de acordo com tabela da I.N. da SRF n.º 1700/2017.) | E69: 0.2
A70: Custo Utilização Anual (Valor Tx. Depreciação) | E70: =ROUND(E68*E69,2) -> 38129.99
A71: Custo Utilização Mensal Total | E71: =E70/12 -> 3177.4992
A72: Custo Utilização Mensal / 13 postos | E72: =E71/13 -> 244.42301
A74: Observações: a) A Contratada deverá disponibilizar e manter constantes, durante o período de vigência contratual, todos os quantitativos listados acima, devendo repor imediatamente qualquer ferramenta ou equipamento danificado; b) Esta relação não é exaustiva, devendo a Contratada fornecer todos os equipamentos, ferramentas e instrumentos necessários à execução dos serviços, objeto deste Termo de Referência; c) Metodologia de cálculo adotada: Acórdão 966/2010; d) A taxa de depreciação anual adotada foi retirada da IN SRF Nº162/98. e) Ao término contratual, os equipamentos e ferramentas utilizados serão de propriedade da Contratada. O valor pago pela Contratante limita-se a compensação da depreciação ocasionada pelo uso dos equipamentos, instrumentos e ferramentas nas atividades de manutenção predial. f) Deverá ser instalado um relógio de Ponto da Superintendencia de Operações e Manutenção

Sheet An IIE Equip Item 2
A1: PRÓ-REITORIA DE ADMINISTRAÇÃO
A2: COORDENAÇÃO DE CONTRATOS
A4: Anexo II - E - RELAÇÃO DE EQUIPAMENTOS ITEM 2
A5: ITEM 2- CAMPOS DOS GOYTACAZES/RJ
A6: Contratação de empresa para prestação de serviços continuados de Manutenção preventiva e corretiva de equipamentos de refrigeração Central, com fornecimento de materiais de reposição e atendimento na Universidade Federal Fluminense
A8: ITEM | B8: DESCRIÇÃO | C8: QTDE. | D8: CUSTO UNITÁRIO | E8: CUSTO TOTAL
A9: 1 | B9: Chave de fenda 3 /16 x 6” | C9: 2 | D9: 3.87 | E9: =D9*C9 -> 7.74
A10: 2 | B10: Chave de fenda 1 /4 x 6” | C10: 2 | D10: 6.83 | E10: =D10*C10 -> 13.66
A11: 3 | B11: Chave de fenda 5 /16 x 6” | C11: 2 | D11: 8.61 | E11: =D11*C11 -> 17.22
A12: 4 | B12: Chave de fenda sindal 1 /8 | C12: 2 | D12: 3.41 | E12: =D12*C12 -> 6.82
A13: 5 | B13: Chave de Philips 3 /16 x “ | C13: 2 | D13: 4.35 | E13: =D13*C13 -> 8.7
A14: 6 | B14: Chave de Philips 1 /8 x 6” | C14: 2 | D14: 2.04 | E14: =D14*C14 -> 4.08
A15: 7 | B15: Chave de Philips 1 /4 x 6” | C15: 2 | D15: 4.1 | E15: =D15*C15 -> 8.2
A16: 8 | B16: Chave de Philips 5 /16 x 6” | C16: 2 | D16: 7.97 | E16: =D16*C16 -> 15.94
A17: 9 | B17: Chave inglesa (boca ajustável) 8” | C17: 2 | D17: 24.12 | E17: =D17*C17 -> 48.24
A18: 10 | B18: Chave inglesa (boca ajustável) 10” | C18: 2 | D18: 31.64 | E18: =D18*C18 -> 63.28
A19: 11 | B19: Chave inglesa (boca ajustável) 12” | C19: 2 | D19: 37.86 | E19: =D19*C19 -> 75.72
A20: 12 | B20: Alicate universal 1000v | C20: 2 | D20: 37.12 | E20: =D20*C20 -> 74.24
... A66: 58 | B66: Relógio de ponto eletrônico | C66: 1 | D66: 1863.33 | E66: =D66*C66 -> 1863.33
A67: Total | E67: =SUM(E9:E66) -> 41672.4
A68: Taxa de Depreciação Anual (A taxa de depreciação utilizada de acordo com tabela da I.N. da SRF n.º 1700/2017.) | E68: 0.2
A69: Custo Utilização Anual (Valor Tx. Depreciação) | E69: =ROUND(E67*E68,2) -> 8334.48
A70: Custo Utilização Mensal Total | E70: =E69/12 -> 694.54
A71: Custo Utilização Mensal / 4 postos | E71: =E70/4 -> 173.635
A73: Observações: a) A Contratada deverá disponibilizar e manter constantes, durante o período de vigência contratual, todos os quantitativos listados acima, devendo repor imediatamente qualquer ferramenta ou equipamento danificado; b) Esta relação não é exaustiva, devendo a Contratada fornecer todos os equipamentos, ferramentas e instrumentos necessários à execução dos serviços, objeto deste Termo de Referência; c) Metodologia de cálculo adotada: Acórdão 966/2010; d) A taxa de depreciação anual adotada foi retirada da IN SRF Nº162/98. e) Ao término contratual, os equipamentos e ferramentas utilizados serão de propriedade da Contratada. O valor pago pela Contratante limita-se a compensação da depreciação ocasionada pelo uso dos equipamentos, instrumentos e ferramentas nas atividades de manutenção predial. f) Deverá ser instalado um relógio de Ponto na unidade de Campos dos Goytacazes

Sheet An IIF Dist. Equip.
A1: PRÓ-REITORIA DE ADMINISTRAÇÃO
A2: COORDENAÇÃO DE CONTRATOS
A4: Anexo II F - Distribuição dos Equipamentos
A5: Contratação de empresa para prestação de serviços continuados de Manutenção preventiva e corretiva de equipamentos de refrigeração Central, com fornecimento de materiais de reposição e atendimento na Universidade Federal Fluminense
A6: PLANILHAS DE EQUIPAMENTOS DE REFRIGERAÇÃO DE GRANDE PORTE DA UFF NITERÓI
A7: ITEM | B7: MÁQUINA | C7: FABRICANTE | D7: TONELADAS DE REFRIGERAÇÃO | E7: TENSÃO DE TRABALHO | F7: DUTADO | G7: EM FUNCIONAMENTO | H7: CONDENSAÇÃO
A8: REITORIA
A9: 1 | B9: CHILLER | C9: Carrier | D9: 150 | E9: 3~380V | F9: SIM | G9: SIM | H9: AR
A10: 2 | B10: CHILLER | D10: 150 | E10: 3~380V | F10: SIM | G10: SIM | H10: AR
A11: 3 | B11: CHILLER | D11: 150 | E11: 3~380V | F11: SIM | G11: NÃO | H11: AR
A12: 4 | B12: CHILLER | D12: 100 | E12: 3~380V | F12: SIM | G12: NÃO | H12: AR
A13: 5 | B13: CHILLER | D13: 100 | E13: 3~380V | F13: SIM | G13: NÃO | H13: AR
A14: 6 | B14: VRF MULT V | C14: LG | D14: 3 | E14: 3~ 220V | F14: NÃO | G14: SIM | H14: AR
A15: 7 | B15: SELF | C15: Carrier | D15: 15 | E15: 3~380V | F15: SIM | G15: SIM | H15: AR
A16: VALONGUINHO – BLOCO E
A17: 1 | B17: CHILLER | C17: Carrier | D17: 225 | E17: 3~380V | F17: SIM | G17: SIM | H17: AR
A18: 2 | B18: CHILLER | D18: 225 | E18: 3~380V | F18: SIM | G18: NÃO | H18: AR
A19: GRAGOATÁ BLOCO M
A20: 1 | B20: CHILLER | C20: Hitachi | D20: 15 | E20: 3~380V | F20: NÃO | G20: SIM | H20: AR
A21: 2 | B21: CHILLER | C21: Hitachi | D21: 15 | E21: 3~380V | F21: NÃO | G21: SIM | H21: AR
A22: 3 | B22: CHILLER | C22: Hitachi | D22: 15 | E22: 3~380V | F22: NÃO | G22: SIM | H22: AR
A23: 4 | B23: CHILLER | C23: Hitachi | D23: 15 | E23: 3~380V | F23: NÃO | G23: SIM | H23: AR
A24: 5 | B24: CHILLER | C24: Hitachi | D24: 15 | E24: 3~380V | F24: NÃO | G24: SIM | H24: AR
A25: 6 | B25: CHILLER | C25: Hitachi | D25: 15 | E25: 3~380V | F25: NÃO | G25: SIM | H25: AR
A26: 7 | B26: CHILLER | C26: Hitachi | D26: 15 | E26: 3~380V | F26: NÃO | G26: SIM | H26: AR
A27: 8 | B27: CHILLER | C27: Hitachi | D27: 15 | E27: 3~380V | F27: NÃO | G27: SIM | H27: AR
A28: 9 | B28: CHILLER | C28: Hitachi | D28: 15 | E28: 3~380V | F28: NÃO | G28: SIM | H28: AR
A29: 10 | B29: CHILLER | C29: Hitachi | D29: 15 | E29: 3~380V | F29: NÃO | G29: SIM | H29: AR
A30: 11 | B30: CHILLER | C30: Hitachi | D30: 15 | E30: 3~380V | F30: NÃO | G30: SIM | H30: AR
A31: 12 | B31: CHILLER | C31: Hitachi | D31: 15 | E31: 3~380V | F31: NÃO | G31: NÃO | H31: AR
... A59: 40 | B59: CHILLER | C59: Hitachi | D59: 15 | E59: 3~380V | F59: NÃO | G59: NÃO | H59: AR
A60: GRAGOATÁ BLOCO F, G, H e P
A61: 1 | B61: CHILLER | C61: York | D61: 150 | E61: 3~380V | F61: SIM | G61: SIM | H61: AR
A62: 2 | B62: CHILLER | D62: 150 | E62: 3~380V | F62: SIM | G62: NÃO | H62: AR
A63: 3 | B63: CHILLER | D63: 150 | E63: 3~380V | F63: SIM | G63: SIM | H63: AR
A64: 4 | B64: CHILLER | D64: 150 | E64: 3~380V | F64: SIM | G64: NÃO | H64: AR
A65: 5 | B65: CHILLER | D65: 150 | E65: 3~380V | F65: SIM | G65: SIM | H65: AR
A66: 6 | B66: CHILLER | D66: 150 | E66: 3~380V | F66: SIM | G66: NÃO | H66: AR
A67: 7 | B67: CHILLER | D67: 150 | E67: 3~380V | F67: SIM | G67: SIM | H67: AR
A68: 8 | B68: CHILLER | D68: 150 | E68: 3~380V | F68: SIM | G68: NÃO | H68: AR
A69: GRAGOATÁ IACS
A70: 1 | B70: CHILLER | C70: Hitachi | D70: 15 | E70: 3~380V | F70: NÃO | G70: SIM | H70: AR
A71: 2 | B71: CHILLER | C71: Hitachi | D71: 15 | E71: 3~380V | F71: NÃO | G71: SIM | H71: AR
A72: 3 | B72: CHILLER | C72: Hitachi | D72: 15 | E72: 3~380V | F72: NÃO | G72: SIM | H72: AR
A73: 4 | B73: CHILLER | C73: Hitachi | D73: 15 | E73: 3~380V | F73: NÃO | G73: SIM | H73: AR
A74: 5 | B74: CHILLER | C74: Hitachi | D74: 15 | E74: 3~380V | F74: NÃO | G74: SIM | H74: AR
A75: 6 | B75: CHILLER | C75: Hitachi | D75: 15 | E75: 3~380V | F75: NÃO | G75: SIM | H75: AR
A76: 7 | B76: CHILLER | C76: Hitachi | D76: 15 | E76: 3~380V | F76: NÃO | G76: SIM | H76: AR
A77: 8 | B77: CHILLER | C77: Hitachi | D77: 15 | E77: 3~380V | F77: NÃO | G77: SIM | H77: AR
A78: 9 | B78: CHILLER | C78: Hitachi | D78: 15 | E78: 3~380V | F78: NÃO | G78: SIM | H78: AR
A79: 10 | B79: CHILLER | C79: Hitachi | D79: 15 | E79: 3~380V | F79: NÃO | G79: SIM | H79: AR
A80: 11 | B80: CHILLER | C80: Hitachi | D80: 15 | E80: 3~380V | F80: NÃO | G80: SIM | H80: AR
A81: 12 | B81: CHILLER | C81: Hitachi | D81: 15 | E81: 3~380V | F81: NÃO | G81: SIM | H81: AR
... A89: 20 | B89: CHILLER | C89: Hitachi | D89: 15 | E89: 3~380V | F89: NÃO | G89: SIM | H89: AR
A90: FÍSICA PRAIA VERMELHA
A91: 1 | B91: SELF | C91: Hitachi | D91: 25 | E91: 3~380V | F91: SIM | G91: SIM | H91: AR
A92: 2 | B92: VRF MULT V | C92: LG | D92: 67 | E92: 3~ 220V | F92: NÃO | G92: SIM | H92: AR
A93: GEOCIÊNCIAS PRAIA VERMELHA
A94: 1 | B94: SELF | C94: Hitachi | D94: 10 | E94: 3~ 220V | F94: SIM | G94: SIM | H94: AR
A95: 2 | B95: SELF | C95: Hitachi | D95: 10 | E95: 3~ 220V | F95: SIM | G95: SIM | H95: AR
A96: GRAGOATÁ BLOCO D (FACULDADE DE EDUCAÇÃO)
A97: 1 | B97: SELF | C97: Hitachi | D97: 10 | E97: 3~ 220V | F97: SIM | G97: SIM | H97: AR
A98: 2 | B98: SELF | C98: Hitachi | D98: 10 | E98: 3~ 220V | F98: SIM | G98: SIM | H98: AR
A99: GRAGOATÁ Biblioteca Central
A100: 1 | B100: SELF | D100: 7.5 | H100: AR
A101: 2 | B101: SELF | D101: 7.5 | H101: AR
A102: 3 | B102: SELF | D102: 5 | H102: AR
A103: 4 | B103: SELF | D103: 10 | H103: AR
A104: 5 | B104: SELF | D104: 5 | H104: AR
A105: 6 | B105: SELF | D105: 7.5 | H105: AR
A106: 7 | B106: SELF | D106: 5 | H106: AR
A107: 8 | B107: SELF | D107: 5 | H107: AR
A108: 9 | B108: SELF | D108: 7.5 | H108: AR
A109: 10 | B109: SELF | D109: 7.5 | H109: AR
A110: 11 | B110: SELF | D110: 7.5 | H110: AR
A111: 12 | B111: SELF | D111: 7.5 | H111: AR
... A115: 16 | B115: SELF | D115: 5 | H115: AR
A116: FACULDADE DE MEDICINA
A117: 1 | B117: SPLITÃO (10 TR) | C117: HITACHI | D117: 10 | H117: AR
A118: 2 | B118: SPLITÃO (30 TR) | C118: HITACHI | D118: 30 | H118: AR
A119: 3 | B119: SPLITÃO (40 TR) | C119: HITACHI | D119: 40 | H119: AR
A120: 4 | B120: SPLITÃO (15 TR) | C120: HITACHI | D120: 15 | H120: AR
A121: 5 | B121: SPLIT (HI-WALL) - 18 KBTUS/H | C121: CARRIER | D121: 18 | H121: AR
A122: 6 | B122: SPLIT (HI-WALL) - 24 KBTUS/H | C122: CARRIER | D122: 24 | H122: AR
A123: 7 | B123: SPLIT (HI-WALL) - 12 KBTUS/H | C123: CARRIER | D123: 12 | H123: AR
A124: 8 | B124: SPLITÃO (25 TR) | C124: HITACHI | D124: 25 | H124: AR
A125: 9 | B125: SPLITÃO (30 TR) | C125: HITACHI | D125: 30 | H125: AR
A126: 10 | B126: SPLIT (HI-WALL) - 18 KBTUS/H | C126: CARRIER | D126: 18 | H126: AR
A127: 11 | B127: SPLIT (HI-WALL) - 24 KBTUS/H | C127: CARRIER | D127: 24 | H127: AR
A128: 12 | B128: SPLITÃO (20 TR) | C128: HITACHI | D128: 20 | H128: AR
... A131: 15 | B131: CHILLER (15 TR) | C131: HITACHI | D131: 15 | H131: AR
A132: INSTITUTO DE CIÊNCIAS DA SOCIEDADE E DESENVOLVIMENTO REGIONAL - CAMPOS DOS GOYTACAZES | J132: =SUM(D9:D15,D17:D18,D20:D59,D61:D68,D70:D89,D91:D92,D94:D95,D97:D98,D100:D115,D117:D131) -> 3793.5
A133: 1 | B133: CHILLER | C133: York | D133: 147 | H133: AR | J133: =J132/2 -> 1896.75
A134: 2 | B134: FANCOLETE (HI-WALL) | C134: York | D134: 7.16 | H134: AR
A135: 3 | B135: FANCOLETE (HI-WALL) | C135: York | D135: 14.3 | H135: AR
A136: 4 | B136: FANCOLETE (PISO-TETO) | C136: York | D136: 18.42 | H136: AR
A137: 5 | B137: FANCOLETE (PISO-TETO) | C137: York | D137: 11.5 | H137: AR
A138: 6 | B138: FANCOLETE (PISO-TETO) | C138: York | D138: 14 | H138: AR
A139: 7 | B139: FANCOLETE (PISO-TETO) | C139: York | D139: 15.49 | H139: AR
A140: 8 | B140: FANCOLETE (PISO-TETO) | C140: York | D140: 19.41 | H140: AR
...

Sheet An IIIA Item 1
A1: PRÓ-REITORIA DE ADMINISTRAÇÃO
A2: COORDENAÇÃO DE CONTRATOS
A4: Anexo III A1 - FORMAÇÃO CUSTOS POSTOS DE MANUTENÇÃO PREDIAL
A5: ITEM 1 - NITERÓI/RJ
A6: Contratação de empresa para prestação de serviços continuados de Manutenção preventiva e corretiva de equipamentos de refrigeração Central, com fornecimento de materiais de reposição e atendimento na Universidade Federal Fluminense
A7: MÃO-DE-OBRA VINCULADA À EXECUÇÃO CONTRATUAL
A8: Dados para composição dos custos referentes a mão de obra
A9: Regime tributário da Licitante | C9: Documento Comprobatório *Anexar Comprovante | F9: Descrição Cargos
C10: Obrigatório Preenchimento pela licitante | F10: Dias/Mês | G10: Posto | I10: CBO | J10: Salário
F11: 20.88 | G11: Encarregado geral 44h | I11: 9101-05 | J11: 3976.85
A12: ACT/CCT/DCT inclusive aditivos se houver | F12: 20.88 | G12: Auxiliar de Refrigeração 44h | I12: 9112-05 | J12: 1739.77
A13: Entidade Sindical da Empresa | C13: Obrigatório Preenchimento pela licitante | F13: 15.21 | G13: Auxiliar de Refrigeração 12x36h Diurno | I13: 9112-05 | J13: 1739.77
A14: Entidade Sindical dos Empregados | C14: Obrigatório Preenchimento pela licitante | F14: 15.21 | G14: Auxiliar de Refrigeração 12x36h Notuno | I14: 9112-05 | J14: 1739.77
A15: Número de Registro | C15: Obrigatório Preenchimento pela licitante | F15: 20.88 | G15: Técnico em Mecânica de Ar Central 44 h | I15: 3141-15 | J15: 3236.16
A16: Início Vigência | C16: Obrigatório Preenchimento pela licitante | F16: 15.21 | G16: Técnico em Mecânica de Ar Central 12x36h Diurno | I16: 3141-15 | J16: 3236.16
A17: Fim Vigência | C17: Obrigatório Preenchimento pela licitante | F17: 15.21 | G17: Técnico em Mecânica de Ar Central 12x36h Noturno | I17: 3141-15 | J17: 3236.16
A20: MÓDULO 1 : COMPOSIÇÃO DA REMUNERAÇÃO | D20: Encarregado geral 44h | E20: Auxiliar de Refrigeração 44h | F20: Auxiliar de Refrigeração 12x36h Diurno | G20: Auxiliar de Refrigeração 12x36h Notuno | H20: Mecânico de Ar Central 44 h | I20: Mecânico de Ar Central 12x36h Diurno | J20: Mecânico de Ar Central 12x36h Noturno
A21: 1 | B21: Composição da Remuneração | D21: Valor(R$) | E21: Valor(R$) | F21: Valor(R$) | G21: Valor(R$) | H21: Valor(R$) | I21: Valor(R$) | J21: Valor(R$)
A22: A | B22: Salário Base | D22: =J11 -> 3976.85 | E22: =J12 -> 1739.77 | F22: =J13 -> 1739.77 | G22: =J14 -> 1739.77 | H22: =J15 -> 3236.16 | I22: =J16 -> 3236.16 | J22: =J17 -> 3236.16
A23: B | B23: Adicional de Periculosidade
A24: C | B24: Adicional de Insalubridade (20% ou 40%)
A25: D | B25: Adicional Noturno | G25: =J14/220*20%*(1.1429*7)*F14 -> 192.45741 | J25: =J17/220*20%*(1.1429*7)*F17 -> 357.99156
A26: E | B26: Adicional de Hora Noturna Reduzida
A27: F | B27: Gratificação Liderança (15% ou 30%)
B28: Total de Remuneração | D28: =SUM(D22:D27) -> 3976.85 | E28: =SUM(E22:E27) -> 1739.77 | F28: =SUM(F22:F27) -> 1739.77 | G28: =SUM(G22:G27) -> 1932.2274 | H28: =SUM(H22:H27) -> 3236.16 | I28: =SUM(I22:I27) -> 3236.16 | J28: =SUM(J22:J27) -> 3594.1516
A30: MÓDULO 2: ENCARGOS E BENEFÍCIOS ANUAIS, MENSAIS E DIÁRIOS | D30: Encarregado geral 44h | E30: Auxiliar de Refrigeração 44h | F30: Auxiliar de Refrigeração 12x36h Diurno | G30: Auxiliar de Refrigeração 12x36h Notuno | H30: Mecânico de Ar Central 44 h | I30: Mecânico de Ar Central 12x36h Diurno | J30: Mecânico de Ar Central 12x36h Noturno
A31: Submódulo 2.1 - 13º (décimo terceiro) Salário, Férias e Adicional de Férias | D31: Valor(R$) | E31: Valor(R$) | F31: Valor(R$) | G31: Valor(R$) | H31: Valor(R$) | I31: Valor(R$) | J31: Valor(R$)
A32: A | B32: 13º (décimo terceiro) Salário | D32: =D28*8.33% -> 331.27161 | E32: =E28*8.33% -> 144.92284 | F32: =F28*8.33% -> 144.92284 | G32: =G28*8.33% -> 160.95454 | H32: =H28*8.33% -> 269.57213 | I32: =I28*8.33% -> 269.57213 | J32: =J28*8.33% -> 299.39282
A33: B | B33: Férias e Adicional de Férias | D33: =D28*12.1% -> 481.19885 | E33: =E28*12.1% -> 210.51217 | F33: =F28*12.1% -> 210.51217 | G33: =G28*12.1% -> 233.79952 | H33: =H28*12.1% -> 391.57536 | I33: =I28*12.1% -> 391.57536 | J33: =J28*12.1% -> 434.89234
B34: Total | D34: =SUM(D32:D33) -> 812.47046 | E34: =SUM(E32:E33) -> 355.43501 | F34: =SUM(F32:F33) -> 355.43501 | G34: =SUM(G32:G33) -> 394.75406 | H34: =SUM(H32:H33) -> 661.14749 | I34: =SUM(I32:I33) -> 661.14749 | J34: =SUM(J32:J33) -> 734.28516
A35: C | B35: Incidência do Submódulo 2.2 - Encargos previdenciários (GPS), FGTS e outras contribuições (Cálculo sobre a remuneração, pois será adotada a Conta Vinculada) | D35: =D28*7.82% -> 310.98967 | E35: =E28*7.82% -> 136.05001 | F35: =F28*7.82% -> 136.05001 | G35: =G28*7.82% -> 151.10018 | H35: =H28*7.82% -> 253.06771 | I35: =I28*7.82% -> 253.06771 | J35: =J28*7.82% -> 281.06265
A37: Submódulo 2.2 - Encargos Previdenciários (GPS), Fundo de Garantia por Tempo de Serviço (FGTS) e outras contribuições | D37: Encarregado geral 44h | E37: Auxiliar de Refrigeração 44h | F37: Auxiliar de Refrigeração 12x36h Diurno | G37: Auxiliar de Refrigeração 12x36h Notuno | H37: Mecânico de Ar Central 44 h | I37: Mecânico de Ar Central 12x36h Diurno | J37: Mecânico de Ar Central 12x36h Noturno
A38: 2.2 | B38: GPS, FGTS e outras contribuições | C38: % | D38: Valor(R$) | E38: Valor(R$) | F38: Valor(R$) | G38: Valor(R$) | H38: Valor(R$) | I38: Valor(R$) | J38: Valor(R$)
A39: A | B39: INSS | C39: 20 | D39: =(D28*($C$39/100)) -> 795.37 | E39: =(E28*($C$39/100)) -> 347.954 | F39: =(F28*($C$39/100)) -> 347.954 | G39: =(G28*($C$39/100)) -> 386.44548 | H39: =(H28*($C$39/100)) -> 647.232 | I39: =(I28*($C$39/100)) -> 647.232 | J39: =(J28*($C$39/100)) -> 718.83031
A40: B | B40: Salário Educação | C40: 2.5 | D40: =(D28*($C$40/100)) -> 99.42125 | E40: =(E28*($C$40/100)) -> 43.49425 | F40: =(F28*($C$40/100)) -> 43.49425 | G40: =(G28*($C$40/100)) -> 48.305685 | H40: =(H28*($C$40/100)) -> 80.904 | I40: =(I28*($C$40/100)) -> 80.904 | J40: =(J28*($C$40/100)) -> 89.853789
A41: C | B41: Seguro acidente do trabalho | C41: 6 | D41: =(D$28*($C$41/100)) -> 238.611 | E41: =(E$28*($C$41/100)) -> 104.3862 | F41: =(F$28*($C$41/100)) -> 104.3862 | G41: =(G$28*($C$41/100)) -> 115.93364 | H41: =(H$28*($C$41/100)) -> 194.1696 | I41: =(I$28*($C$41/100)) -> 194.1696 | J41: =(J$28*($C$41/100)) -> 215.64909
A42: D | B42: SESI ou SESC | C42: 1.5 | D42: =(D$28*($C$42/100)) -> 59.65275 | E42: =(E$28*($C$42/100)) -> 26.09655 | F42: =(F$28*($C$42/100)) -> 26.09655 | G42: =(G$28*($C$42/100)) -> 28.983411 | H42: =(H$28*($C$42/100)) -> 48.5424 | I42: =(I$28*($C$42/100)) -> 48.5424 | J42: =(J$28*($C$42/100)) -> 53.912273
A43: E | B43: SENAI ou SENAC | C43: 1 | D43: =(D$28*($C$43/100)) -> 39.7685 | E43: =(E$28*($C$43/100)) -> 17.3977 | F43: =(F$28*($C$43/100)) -> 17.3977 | G43: =(G$28*($C$43/100)) -> 19.322274 | H43: =(H$28*($C$43/100)) -> 32.3616 | I43: =(I$28*($C$43/100)) -> 32.3616 | J43: =(J$28*($C$43/100)) -> 35.941516
A44: F | B44: SEBRAE | C44: 0.6 | D44: =(D$28*($C$44/100)) -> 23.8611 | E44: =(E$28*($C$44/100)) -> 10.43862 | F44: =(F$28*($C$44/100)) -> 10.43862 | G44: =(G$28*($C$44/100)) -> 11.593364 | H44: =(H$28*($C$44/100)) -> 19.41696 | I44: =(I$28*($C$44/100)) -> 19.41696 | J44: =(J$28*($C$44/100)) -> 21.564909
A45: G | B45: INCRA | C45: 0.2 | D45: =(D$28*($C$45/100)) -> 7.9537 | E45: =(E$28*($C$45/100)) -> 3.47954 | F45: =(F$28*($C$45/100)) -> 3.47954 | G45: =(G$28*($C$45/100)) -> 3.8644548 | H45: =(H$28*($C$45/100)) -> 6.47232 | I45: =(I$28*($C$45/100)) -> 6.47232 | J45: =(J$28*($C$45/100)) -> 7.1883031
A46: H | B46: FGTS | C46: 8 | D46: =(D$28*($C$46/100)) -> 318.148 | E46: =(E$28*($C$46/100)) -> 139.1816 | F46: =(F$28*($C$46/100)) -> 139.1816 | G46: =(G$28*($C$46/100)) -> 154.57819 | H46: =(H$28*($C$46/100)) -> 258.8928 | I46: =(I$28*($C$46/100)) -> 258.8928 | J46: =(J$28*($C$46/100)) -> 287.53212
B47: TOTAL | C47: =SUM(C39:C46) -> 39.8 | D47: =SUM(D39:D46) -> 1582.7863 | E47: =SUM(E39:E46) -> 692.42846 | F47: =SUM(F39:F46) -> 692.42846 | G47: =SUM(G39:G46) -> 769.02651 | H47: =SUM(H39:H46) -> 1287.9917 | I47: =SUM(I39:I46) -> 1287.9917 | J47: =SUM(J39:J46) -> 1430.4723
B48: Itens não aplicáveis a Optantes do SIMPLES
A50: Submódulo 2.3 - Benefícios Mensais e Diários | D50: Encarregado geral 44h | E50: Auxiliar de Refrigeração 44h | F50: Auxiliar de Refrigeração 12x36h Diurno | G50: Auxiliar de Refrigeração 12x36h Notuno | H50: Mecânico de Ar Central 44 h | I50: Mecânico de Ar Central 12x36h Diurno | J50: Mecânico de Ar Central 12x36h Noturno
A51: 2.3 | B51: Benefícios Mensais e Diários | D51: Valor(R$) | E51: Valor(R$) | F51: Valor(R$) | G51: Valor(R$) | H51: Valor(R$) | I51: Valor(R$) | J51: Valor(R$)
A52: A | B52: Transporte -Cláusula 12ª da CCT - considerando 4 passagens/dia | D52: =(5.15*4*F11)-(6%*J11) -> 191.517 | E52: =(5.15*4*F12)-(6%*J12) -> 325.7418 | F52: =(5.15*4*F13)-(6%*J13) -> 208.9398 | G52: =(5.15*4*F14)-(6%*J14) -> 208.9398 | H52: =(5.15*4*F15)-(6%*J15) -> 235.9584 | I52: =(5.15*4*F16)-(6%*J16) -> 119.1564 | J52: =(5.15*4*F17)-(6%*J17) -> 119.1564
A53: B | B53: Ticket Alimentação - Cláusula 11ª da CCT | D53: 368 | E53: 368 | F53: =18.4*F13 -> 279.864 | G53: =18.4*F13 -> 279.864 | H53: 368 | I53: =18.4*F13 -> 279.864 | J53: =18.4*F13 -> 279.864
A54: C | B54: Seguro de Vida - Cláusula 15ª da CCT | D54: 3 | E54: 3 | F54: 3 | G54: 3 | H54: 3 | I54: 3 | J54: 3
B55: Total de Benefícios Mensais e Diários | D55: =SUM(D52:D54) -> 562.517 | E55: =SUM(E52:E54) -> 696.7418 | F55: =SUM(F52:F54) -> 491.8038 | G55: =SUM(G52:G54) -> 491.8038 | H55: =SUM(H52:H54) -> 606.9584 | I55: =SUM(I52:I54) -> 402.0204 | J55: =SUM(J52:J54) -> 402.0204
A57: Quadro-Resumo do Módulo 2 - Encargos e Benefícios anuais, mensais e diários | D57: Encarregado geral 44h | E57: Auxiliar de Refrigeração 44h | F57: Auxiliar de Refrigeração 12x36h Diurno | G57: Auxiliar de Refrigeração 12x36h Notuno | H57: Mecânico de Ar Central 44 h | I57: Mecânico de Ar Central 12x36h Diurno | J57: Mecânico de Ar Central 12x36h Noturno
A58: 2 | B58: Encargos e Benefícios Anuais, Mensais e Diários | D58: Valor (R$) | E58: Valor (R$) | F58: Valor (R$) | G58: Valor (R$) | H58: Valor (R$) | I58: Valor (R$) | J58: Valor (R$)
A59: 2.1 | B59: 13º (décimo terceiro) Salário, Férias e Adicional de Férias | D59: =D34 -> 812.47046 | E59: =E34 -> 355.43501 | F59: =F34 -> 355.43501 | G59: =G34 -> 394.75406 | H59: =H34 -> 661.14749 | I59: =I34 -> 661.14749 | J59: =J34 -> 734.28516
A60: 2.2 | B60: GPS, FGTS e outras contribuições | D60: =D47+D35 -> 1893.776 | E60: =E47+E35 -> 828.47847 | F60: =F47+F35 -> 828.47847 | G60: =G47+G35 -> 920.12669 | H60: =H47+H35 -> 1541.0594 | I60: =I47+I35 -> 1541.0594 | J60: =J47+J35 -> 1711.535
A61: 2.3 | B61: Benefícios Mensais e Diários | D61: =D55 -> 562.517 | E61: =E55 -> 696.7418 | F61: =F55 -> 491.8038 | G61: =G55 -> 491.8038 | H61: =H55 -> 606.9584 | I61: =I55 -> 402.0204 | J61: =J55 -> 402.0204
B62: Total | D62: =SUM(D59:D61) -> 3268.7634 | E62: =SUM(E59:E61) -> 1880.6553 | F62: =SUM(F59:F61) -> 1675.7173 | G62: =SUM(G59:G61) -> 1806.6846 | H62: =SUM(H59:H61) -> 2809.1653 | I62: =SUM(I59:I61) -> 2604.2273 | J62: =SUM(J59:J61) -> 2847.8405
A64: MÓDULO 3: PROVISÃO PARA RESCISÃO | D64: Encarregado geral 44h | E64: Auxiliar de Refrigeração 44h | F64: Auxiliar de Refrigeração 12x36h Diurno | G64: Auxiliar de Refrigeração 12x36h Notuno | H64: Mecânico de Ar Central 44 h | I64: Mecânico de Ar Central 12x36h Diurno | J64: Mecânico de Ar Central 12x36h Noturno
A65: 3 | B65: Provisão para Rescisão | D65: Valor(R$) | E65: Valor(R$) | F65: Valor(R$) | G65: Valor(R$) | H65: Valor(R$) | I65: Valor(R$) | J65: Valor(R$)
A66: A | B66: Aviso prévio indenizado | D66: =((D28+D32+D33)/12)*5% -> 19.955502 | E66: =((E28+E32+E33)/12)*5% -> 8.7300209 | F66: =((F28+F32+F33)/12)*5% -> 8.7300209 | G66: =((G28+G32+G33)/12)*5% -> 9.6957561 | H66: =((H28+H32+H33)/12)*5% -> 16.238781 | I66: =((I28+I32+I33)/12)*5% -> 16.238781 | J66: =((J28+J32+J33)/12)*5% -> 18.035153
A67: B | B67: Incidência do FGTS sobre o Aviso Prévio Indenizado | D67: =((D28+D32)/12)*5%*8% -> 1.4360405 | E67: =((E28+E32)/12)*5%*8% -> 0.62823095 | F67: =((F28+F32)/12)*5%*8% -> 0.62823095 | G67: =((G28+G32)/12)*5%*8% -> 0.69772732 | H67: =((H28+H32)/12)*5%*8% -> 1.1685774 | I67: =((I28+I32)/12)*5%*8% -> 1.1685774 | J67: =((J28+J32)/12)*5%*8% -> 1.2978481
A68: C | B68: Multa do FGTS e contribuição social sobre o aviso prévio indenizado | D68: 0 | E68: 0 | F68: 0 | G68: 0 | H68: 0 | I68: 0 | J68: 0
A69: D | B69: Aviso prévio trabalhado | D69: =(((D28+D54)/30/12)*7) -> 77.385972 | E69: =(((E28+E54)/30/12)*7) -> 33.887194 | F69: =(((F28+F54)/30/12)*7) -> 33.887194 | G69: =(((G28+G54)/30/12)*7) -> 37.629422 | H69: =(((H28+H54)/30/12)*7) -> 62.983667 | I69: =(((I28+I54)/30/12)*7) -> 62.983667 | J69: =(((J28+J54)/30/12)*7) -> 69.944614
A70: E | B70: Incidência de GPS, FGTS e outras contribuições sobre o aviso prévio trabalhado | D70: =(D28/30/12*7)*8% -> 6.1862111 | E70: =(E28/30/12*7)*8% -> 2.7063089 | F70: =(F28/30/12*7)*8% -> 2.7063089 | G70: =(G28/30/12*7)*8% -> 3.0056871 | H70: =(H28/30/12*7)*8% -> 5.0340267 | I70: =(I28/30/12*7)*8% -> 5.0340267 | J70: =(J28/30/12*7)*8% -> 5.5909024
A71: F | B71: Multa do FGTS e contribuição social sobre o aviso prévio trabalhado | D71: =D28*4% -> 159.074 | E71: =E28*4% -> 69.5908 | F71: =F28*4% -> 69.5908 | G71: =G28*4% -> 77.289096 | H71: =H28*4% -> 129.4464 | I71: =I28*4% -> 129.4464 | J71: =J28*4% -> 143.76606
B72: TOTAL | D72: =SUM(D66:D71) -> 264.03773 | E72: =SUM(E66:E71) -> 115.54256 | F72: =SUM(F66:F71) -> 115.54256 | G72: =SUM(G66:G71) -> 128.31769 | H72: =SUM(H66:H71) -> 214.87145 | I72: =SUM(I66:I71) -> 214.87145 | J72: =SUM(J66:J71) -> 238.63458
A74: MÓDULO 4: CUSTO DE REPOSIÇÃO DO PROFISSIONAL AUSENTE | D74: Encarregado geral 44h | E74: Auxiliar de Refrigeração 44h | F74: Auxiliar de Refrigeração 12x36h Diurno | G74: Auxiliar de Refrigeração 12x36h Notuno | H74: Mecânico de Ar Central 44 h | I74: Mecânico de Ar Central 12x36h Diurno | J74: Mecânico de Ar Central 12x36h Noturno
A75: 4.1 | B75: Submódulo 4.1. Ausências legais | D75: Valor(R$) | E75: Valor(R$) | F75: Valor(R$) | G75: Valor(R$) | H75: Valor(R$) | I75: Valor(R$) | J75: Valor(R$)
A76: A | B76: Substituto na cobertura de férias | D76: 0 | E76: 0 | F76: 0 | G76: 0 | H76: 0 | I76: 0 | J76: 0
A77: B | B77: Substituto na cobertura de Ausências legais | D77: =(((D28+D62+D72+D80+D101)-(D52-D53-D98-D99))/30*2.96)/12 -> 74.942209 | E77: =(((E28+E62+E72+E80+E101)-(E52-E53-E98-E99))/30*2.96)/12 -> 36.598777 | F77: =(((F28+F62+F72+F80+F101)-(F52-F53-F98-F99))/30*2.96)/12 -> 35.149429 | G77: =(((G28+G62+G72+G80+G101)-(G52-G53-G98-G99))/30*2.96)/12 -> 37.921282 | H77: =(((H28+H62+H72+H80+H101)-(H52-H53-H98-H99))/30*2.96)/12 -> 58.150415 | I77: =(((I28+I62+I72+I80+I101)-(I52-I53-I98-I99))/30*2.96)/12 -> 56.701067 | J77: =(((J28+J62+J72+J80+J101)-(J52-J53-J98-J99))/30*2.96)/12 -> 61.857012
A78: C | B78: Substituto na cobertura de Licença paternidade | D78: =(((D28+D62+D72+D80+D101)-(D52-D53-D98-D99))/30*5*1.5%)/12 -> 1.8988735 | E78: =(((E28+E62+E72+E80+E101)-(E52-E53-E98-E99))/30*5*1.5%)/12 -> 0.92733387 | F78: =(((F28+F62+F72+F80+F101)-(F52-F53-F98-F99))/30*5*1.5%)/12 -> 0.89061054 | G78: =(((G28+G62+G72+G80+G101)-(G52-G53-G98-G99))/30*5*1.5%)/12 -> 0.96084329 | H78: =(((H28+H62+H72+H80+H101)-(H52-H53-H98-H99))/30*5*1.5%)/12 -> 1.4734058 | I78: =(((I28+I62+I72+I80+I101)-(I52-I53-I98-I99))/30*5*1.5%)/12 -> 1.4366824 | J78: =(((J28+J62+J72+J80+J101)-(J52-J53-J98-J99))/30*5*1.5%)/12 -> 1.5673229
A79: D | B79: Substituto na cobertura de Ausência por Acidente de trabalho | D79: =(((D28+D62+D72+D80+D101)-(D52-D53-D98-D99))/30*15*0.78%)/12 -> 2.9622427 | E79: =(((E28+E62+E72+E80+E101)-(E52-E53-E98-E99))/30*15*0.78%)/12 -> 1.4466408 | F79: =(((F28+F62+F72+F80+F101)-(F52-F53-F98-F99))/30*15*0.78%)/12 -> 1.3893524 | G79: =(((G28+G62+G72+G80+G101)-(G52-G53-G98-G99))/30*15*0.78%)/12 -> 1.4989155 | H79: =(((H28+H62+H72+H80+H101)-(H52-H53-H98-H99))/30*15*0.78%)/12 -> 2.298513 | I79: =(((I28+I62+I72+I80+I101)-(I52-I53-I98-I99))/30*15*0.78%)/12 -> 2.2412246 | J79: =(((J28+J62+J72+J80+J101)-(J52-J53-J98-J99))/30*15*0.78%)/12 -> 2.4450238
A80: E | B80: Substituto na cobertura de Afastamento Maternidade | D80: =(((D33*3.95/12)+(D54*3.95*1.02%))/12+((D28+D32)*39.8%*3.95)*1.02%/12) -> 18.966503 | E80: =(((E33*3.95/12)+(E54*3.95*1.02%))/12+((E28+E32)*39.8%*3.95)*1.02%/12) -> 8.303025 | F80: =(((F33*3.95/12)+(F54*3.95*1.02%))/12+((F28+F32)*39.8%*3.95)*1.02%/12) -> 8.303025 | G80: =(((G33*3.95/12)+(G54*3.95*1.02%))/12+((G28+G32)*39.8%*3.95)*1.02%/12) -> 9.2204108 | H80: =(((H33*3.95/12)+(H54*3.95*1.02%))/12+((H28+H32)*39.8%*3.95)*1.02%/12) -> 15.435859 | I80: =(((I33*3.95/12)+(I54*3.95*1.02%))/12+((I28+I32)*39.8%*3.95)*1.02%/12) -> 15.435859 | J80: =(((J33*3.95/12)+(J54*3.95*1.02%))/12+((J28+J32)*39.8%*3.95)*1.02%/12) -> 17.142296
A81: F | B81: Substituto na cobertura de outras ausências (especificar) | D81: 0 | E81: 0 | F81: 0 | G81: 0 | H81: 0 | I81: 0 | J81: 0
B82: TOTAL | D82: =SUM(D76:D81) -> 98.769828 | E82: =SUM(E76:E81) -> 47.275777 | F82: =SUM(F76:F81) -> 45.732417 | G82: =SUM(G76:G81) -> 49.601451 | H82: =SUM(H76:H81) -> 77.358193 | I82: =SUM(I76:I81) -> 75.814833 | J82: =SUM(J76:J81) -> 83.011655
A84: Submódulo 4.2 - Intrajornada | D84: Encarregado geral 44h | E84: Auxiliar de Refrigeração 44h | F84: Auxiliar de Refrigeração 12x36h Diurno | G84: Auxiliar de Refrigeração 12x36h Notuno | H84: Mecânico de Ar Central 44 h | I84: Mecânico de Ar Central 12x36h Diurno | J84: Mecânico de Ar Central 12x36h Noturno
A85: 4.2 | B85: Intrajornada | D85: Valor(R$) | E85: Valor(R$) | F85: Valor(R$) | G85: Valor(R$) | H85: Valor(R$) | I85: Valor(R$) | J85: Valor(R$)
A86: A | B86: Intervalo para repouso ou alimentação | D86: 0 | E86: 0 | F86: 0 | G86: 0 | H86: 0 | I86: 0 | J86: 0
B87: TOTAL | D87: 0 | E87: 0 | F87: 0 | G87: 0 | H87: 0 | I87: 0 | J87: 0
A89: Quadro-Resumo do Módulo 4 - Custo de Reposição do Profissional Ausente | D89: Encarregado geral 44h | E89: Auxiliar de Refrigeração 44h | F89: Auxiliar de Refrigeração 12x36h Diurno | G89: Auxiliar de Refrigeração 12x36h Notuno | H89: Mecânico de Ar Central 44 h | I89: Mecânico de Ar Central 12x36h Diurno | J89: Mecânico de Ar Central 12x36h Noturno
A90: 4 | B90: Custo de reposição | D90: Valor (R$) | E90: Valor (R$) | F90: Valor (R$) | G90: Valor (R$) | H90: Valor (R$) | I90: Valor (R$) | J90: Valor (R$)
A91: 4.1 | B91: Ausências legais | D91: =D82 -> 98.769828 | E91: =E82 -> 47.275777 | F91: =F82 -> 45.732417 | G91: =G82 -> 49.601451 | H91: =H82 -> 77.358193 | I91: =I82 -> 75.814833 | J91: =J82 -> 83.011655
A92: 4.2 | B92: Intrajornada | D92: 0 | E92: 0 | F92: 0 | G92: 0 | H92: 0 | I92: 0 | J92: 0
B93: Total | D93: =SUM(D91:D92) -> 98.769828 | E93: =SUM(E91:E92) -> 47.275777 | F93: =SUM(F91:F92) -> 45.732417 | G93: =SUM(G91:G92) -> 49.601451 | H93: =SUM(H91:H92) -> 77.358193 | I93: =SUM(I91:I92) -> 75.814833 | J93: =SUM(J91:J92) -> 83.011655
A95: MÓDULO 5: INSUMOS DIVERSOS | D95: Encarregado geral 44h | E95: Auxiliar de Refrigeração 44h | F95: Auxiliar de Refrigeração 12x36h Diurno | G95: Auxiliar de Refrigeração 12x36h Notuno | H95: Mecânico de Ar Central 44 h | I95: Mecânico de Ar Central 12x36h Diurno | J95: Mecânico de Ar Central 12x36h Noturno
A96: 5 | B96: Insumos Diversos | D96: Valor(R$) | E96: Valor(R$) | F96: Valor(R$) | G96: Valor(R$) | H96: Valor(R$) | I96: Valor(R$) | J96: Valor(R$)
A97: A | B97: Uniformes E EPIS | D97: ='An IIC1 Uniformes Item 1'!F17 -> 64.35 | E97: ='An IIC1 Uniformes Item 1'!G51 -> 175.8275 | F97: ='An IIC1 Uniformes Item 1'!G51 -> 175.8275 | G97: ='An IIC1 Uniformes Item 1'!G51 -> 175.8275 | H97: ='An IIC1 Uniformes Item 1'!G51 -> 175.8275 | I97: ='An IIC1 Uniformes Item 1'!G51 -> 175.8275 | J97: ='An IIC1 Uniformes Item 1'!G51 -> 175.8275
A98: B | B98: Materiais | D98: ='An IIC1 Uniformes Item 1'!E60 -> 428.14815
A99: C | B99: Equipamentos | D99: ='An IID Equip Item 1'!E72 -> 244.42301 | E99: ='An IID Equip Item 1'!E72 -> 244.42301 | F99: ='An IID Equip Item 1'!E72 -> 244.42301 | G99: ='An IID Equip Item 1'!E72 -> 244.42301 | H99: ='An IID Equip Item 1'!E72 -> 244.42301 | I99: ='An IID Equip Item 1'!E72 -> 244.42301 | J99: ='An IID Equip Item 1'!E72 -> 244.42301
A100: D | B100: Outros
B101: Total de Insumos Diversos | D101: =SUM(D97:D100) -> 736.92116 | E101: =SUM(E97:E100) -> 420.25051 | F101: =SUM(F97:F100) -> 420.25051 | G101: =SUM(G97:G100) -> 420.25051 | H101: =SUM(H97:H100) -> 420.25051 | I101: =SUM(I97:I100) -> 420.25051 | J101: =SUM(J97:J100) -> 420.25051
A103: MÓDULO 6: CUSTOS INDIRETOS, TRIBUTOS E LUCRO – (LUCRO PRESUMIDO) | D103: Encarregado geral 44h | E103: Auxiliar de Refrigeração 44h | F103: Auxiliar de Refrigeração 12x36h Diurno | G103: Auxiliar de Refrigeração 12x36h Notuno | H103: Mecânico de Ar Central 44 h | I103: Mecânico de Ar Central 12x36h Diurno | J103: Mecânico de Ar Central 12x36h Noturno
A104: 6 | B104: Custos Indiretos, Tributos e Lucro | C104: % | D104: Valor(R$) | E104: Valor(R$) | F104: Valor(R$) | G104: Valor(R$) | H104: Valor(R$) | I104: Valor(R$) | J104: Valor(R$)
A105: A | B105: Custos Indiretos | C105: 4.8 | D105: =(D122)*$C$105/100 -> 400.57642 | E105: =(E122)*$C$105/100 -> 201.76772 | F105: =(F122)*$C$105/100 -> 191.85661 | G105: =(G122)*$C$105/100 -> 208.17992 | H105: =(H122)*$C$105/100 -> 324.37466 | I105: =(I122)*$C$105/100 -> 314.46356 | J105: =(J122)*$C$105/100 -> 344.82666
A106: B | B106: Lucro | C106: 3.92 | D106: =(D122+D105)*$C$106/100 -> 342.84001 | E106: =(E122+E105)*$C$106/100 -> 172.68626 | F106: =(F122+F105)*$C$106/100 -> 164.20368 | G106: =(G122+G105)*$C$106/100 -> 178.17425 | H106: =(H122+H105)*$C$106/100 -> 277.62146 | I106: =(I122+I105)*$C$106/100 -> 269.13888 | J106: =(J122+J105)*$C$106/100 -> 295.12565
A107: C | B107: Tributos
B108: C.1) Tributos Federais (PIS = 0,65% e COFINS = 3%) | C108: =3+0.65 -> 3.65 | D108: =((D122+D105+D106)/(1-($C$108+$C$110)/100))*$C$108/100 -> 363.15237 | E108: =((E122+E105+E106)/(1-($C$108+$C$110)/100))*$C$108/100 -> 182.91747 | F108: =((F122+F105+F106)/(1-($C$108+$C$110)/100))*$C$108/100 -> 173.93231 | G108: =((G122+G105+G106)/(1-($C$108+$C$110)/100))*$C$108/100 -> 188.7306 | H108: =((H122+H105+H106)/(1-($C$108+$C$110)/100))*$C$108/100 -> 294.06979 | I108: =((I122+I105+I106)/(1-($C$108+$C$110)/100))*$C$108/100 -> 285.08464 | J108: =((J122+J105+J106)/(1-($C$108+$C$110)/100))*$C$108/100 -> 312.61106
B109: C.2) Tributos Estaduais (especificar)
B110: C.3) Tributos Municipais (ISS = 5,0%) | C110: 5 | D110: =((D122+D105+D106)/(1-($C$108+$C$110)/100))*$C$110/100 -> 497.469 | E110: =((E122+E105+E106)/(1-($C$108+$C$110)/100))*$C$110/100 -> 250.57187 | F110: =((F122+F105+F106)/(1-($C$108+$C$110)/100))*$C$110/100 -> 238.26344 | G110: =((G122+G105+G106)/(1-($C$108+$C$110)/100))*$C$110/100 -> 258.53507 | H110: =((H122+H105+H106)/(1-($C$108+$C$110)/100))*$C$110/100 -> 402.83533 | I110: =((I122+I105+I106)/(1-($C$108+$C$110)/100))*$C$110/100 -> 390.5269 | J110: =((J122+J105+J106)/(1-($C$108+$C$110)/100))*$C$110/100 -> 428.23433
B111: C.4) Outros tributos (especificar)
B112: TOTAL | C112: =SUM(C105:C111) -> 17.37 | D112: =SUM(D105:D111) -> 1604.0378 | E112: =SUM(E105:E111) -> 807.94332 | F112: =SUM(F105:F111) -> 768.25605 | G112: =SUM(G105:G111) -> 833.61985 | H112: =SUM(H105:H111) -> 1298.9012 | I112: =SUM(I105:I111) -> 1259.214 | J112: =SUM(J105:J111) -> 1380.7977
A114: Quadro-resumo do Custo por Empregado (LUCRO PRESUMIDO)
...

Sheet An IIIB Item 2
A1: PRÓ-REITORIA DE ADMINISTRAÇÃO
A2: COORDENAÇÃO DE CONTRATOS
A4: Anexo IIIB - FORMAÇÃO CUSTOS POSTOS DE MANUTENÇÃO PREDIAL
A5: ITEM 2- CAMPOS DOS GOYTACAZES/RJ
A6: Contratação de empresa para prestação de serviços continuados de Manutenção preventiva e corretiva de equipamentos de refrigeração Central, com fornecimento de materiais de reposição e atendimento na Universidade Federal Fluminense
A7: MÃO-DE-OBRA VINCULADA À EXECUÇÃO CONTRATUAL
A8: Dados para composição dos custos referentes a mão de obra
A9: Regime tributário da Licitante | C9: Documento Comprobatório *Anexar Comprovante
C10: Obrigatório Preenchimento pela licitante
A12: ACT/CCT/DCT inclusive aditivos se houver
A13: Entidade Sindical da Empresa | C13: Obrigatório Preenchimento pela licitante
A14: Entidade Sindical dos Empregados | C14: Obrigatório Preenchimento pela licitante
A15: Número de Registro | C15: Obrigatório Preenchimento pela licitante
A16: Início Vigência | C16: Obrigatório Preenchimento pela licitante
A17: Fim Vigência | C17: Obrigatório Preenchimento pela licitante
A19: Descrição Cargos
A20: Dias/Mês | B20: Posto | C20: CBO | D20: Salário
A21: 20.88 | B21: Encarregado geral 44h | C21: 9101-05 | D21: 3976.85
A22: 20.88 | B22: Auxiliar de Refrigeração 44h | C22: 9112-05 | D22: 1739.77
A23: 20.88 | B23: Técnico em Mecânica de Ar Central 44 h | C23: 3141-15 | D23: 3236.16
A25: MÓDULO 1 : COMPOSIÇÃO DA REMUNERAÇÃO | D25: Encarregado geral 44h | E25: Auxiliar de Refrigeração 44h | F25: Mecânico de Ar Central 44 h
A26: 1 | B26: Composição da Remuneração | D26: Valor(R$) | E26: Valor(R$) | F26: Valor(R$)
A27: A | B27: Salário Base | D27: =D21 -> 3976.85 | E27: =D22 -> 1739.77 | F27: =D23 -> 3236.16
A28: B | B28: Adicional de Periculosidade
A29: C | B29: Adicional de Insalubridade (20% ou 40%)
A30: D | B30: Adicional Noturno
A31: E | B31: Adicional de Hora Noturna Reduzida
A32: F | B32: Gratificação Liderança (15% ou 30%)
B33: Total de Remuneração | D33: =SUM(D27:D32) -> 3976.85 | E33: =SUM(E27:E32) -> 1739.77 | F33: =SUM(F27:F32) -> 3236.16
A35: MÓDULO 2: ENCARGOS E BENEFÍCIOS ANUAIS, MENSAIS E DIÁRIOS | D35: Encarregado geral 44h | E35: Auxiliar de Refrigeração 44h | F35: Mecânico de Ar Central 44 h
A36: Submódulo 2.1 - 13º (décimo terceiro) Salário, Férias e Adicional de Férias | D36: Valor(R$) | E36: Valor(R$) | F36: Valor(R$)
A37: A | B37: 13º (décimo terceiro) Salário | D37: =D33*8.33% -> 331.27161 | E37: =E33*8.33% -> 144.92284 | F37: =F33*8.33% -> 269.57213
A38: B | B38: Férias e Adicional de Férias | D38: =D33*12.1% -> 481.19885 | E38: =E33*12.1% -> 210.51217 | F38: =F33*12.1% -> 391.57536
B39: Total | D39: =SUM(D37:D38) -> 812.47046 | E39: =SUM(E37:E38) -> 355.43501 | F39: =SUM(F37:F38) -> 661.14749
A40: C | B40: Incidência do Submódulo 2.2 - Encargos previdenciários (GPS), FGTS e outras contribuições (Cálculo sobre a remuneração, pois será adotada a Conta Vinculada) | D40: =D33*7.82% -> 310.98967 | E40: =E33*7.82% -> 136.05001 | F40: =F33*7.82% -> 253.06771
A42: Submódulo 2.2 - Encargos Previdenciários (GPS), Fundo de Garantia por Tempo de Serviço (FGTS) e outras contribuições | D42: Encarregado geral 44h | E42: Auxiliar de Refrigeração 44h | F42: Mecânico de Ar Central 44 h
A43: 2.2 | B43: GPS, FGTS e outras contribuições | C43: % | D43: Valor(R$) | E43: Valor(R$) | F43: Valor(R$)
A44: A | B44: INSS | C44: 20 | D44: =(D33*($C$44/100)) -> 795.37 | E44: =(E33*($C$44/100)) -> 347.954 | F44: =(F33*($C$44/100)) -> 647.232
A45: B | B45: Salário Educação | C45: 2.5 | D45: =(D33*($C$45/100)) -> 99.42125 | E45: =(E33*($C$45/100)) -> 43.49425 | F45: =(F33*($C$45/100)) -> 80.904
A46: C | B46: Seguro acidente do trabalho | C46: 6 | D46: =(D$33*($C$46/100)) -> 238.611 | E46: =(E$33*($C$46/100)) -> 104.3862 | F46: =(F$33*($C$46/100)) -> 194.1696
A47: D | B47: SESI ou SESC | C47: 1.5 | D47: =(D$33*($C$47/100)) -> 59.65275 | E47: =(E$33*($C$47/100)) -> 26.09655 | F47: =(F$33*($C$47/100)) -> 48.5424
A48: E | B48: SENAI ou SENAC | C48: 1 | D48: =(D$33*($C$48/100)) -> 39.7685 | E48: =(E$33*($C$48/100)) -> 17.3977 | F48: =(F$33*($C$48/100)) -> 32.3616
A49: F | B49: SEBRAE | C49: 0.6 | D49: =(D$33*($C$49/100)) -> 23.8611 | E49: =(E$33*($C$49/100)) -> 10.43862 | F49: =(F$33*($C$49/100)) -> 19.41696
A50: G | B50: INCRA | C50: 0.2 | D50: =(D$33*($C$50/100)) -> 7.9537 | E50: =(E$33*($C$50/100)) -> 3.47954 | F50: =(F$33*($C$50/100)) -> 6.47232
A51: H | B51: FGTS | C51: 8 | D51: =(D$33*($C$51/100)) -> 318.148 | E51: =(E$33*($C$51/100)) -> 139.1816 | F51: =(F$33*($C$51/100)) -> 258.8928
B52: TOTAL | C52: =SUM(C44:C51) -> 39.8 | D52: =SUM(D44:D51) -> 1582.7863 | E52: =SUM(E44:E51) -> 692.42846 | F52: =SUM(F44:F51) -> 1287.9917
B53: Itens não aplicáveis a Optantes do SIMPLES
A55: Submódulo 2.3 - Benefícios Mensais e Diários | D55: Encarregado geral 44h | E55: Auxiliar de Refrigeração 44h | F55: Mecânico de Ar Central 44 h
A56: 2.3 | B56: Benefícios Mensais e Diários | D56: Valor(R$) | E56: Valor(R$) | F56: Valor(R$)
A57: A | B57: Transporte -Cláusula 12ª da CCT - considerando 2 passagens/dia | D57: =(3.5*2*A21)-(6%*D21) -> -92.451 | E57: =(3.5*2*A22)-(6%*D22) -> 41.7738 | F57: =(3.5*2*A23)-(6%*D23) -> -48.0096
A58: B | B58: Ticket Alimentação - Cláusula 12ª da CCT | D58: 368 | E58: 368 | F58: 368
A59: C | B59: Seguro de Vida - Cláusula 15ª da CCT | D59: 3 | E59: 3 | F59: 3
B60: Total de Benefícios Mensais e Diários | D60: =SUM(D57:D59) -> 278.549 | E60: =SUM(E57:E59) -> 412.7738 | F60: =SUM(F57:F59) -> 322.9904
A62: Quadro-Resumo do Módulo 2 - Encargos e Benefícios anuais, mensais e diários | D62: Encarregado geral 44h | E62: Auxiliar de Refrigeração 44h | F62: Mecânico de Ar Central 44 h
A63: 2 | B63: Encargos e Benefícios Anuais, Mensais e Diários | D63: Valor (R$) | E63: Valor (R$) | F63: Valor (R$)
A64: 2.1 | B64: 13º (décimo terceiro) Salário, Férias e Adicional de Férias | D64: =D39 -> 812.47046 | E64: =E39 -> 355.43501 | F64: =F39 -> 661.14749
A65: 2.2 | B65: GPS, FGTS e outras contribuições | D65: =D52+D40 -> 1893.776 | E65: =E52+E40 -> 828.47847 | F65: =F52+F40 -> 1541.0594
A66: 2.3 | B66: Benefícios Mensais e Diários | D66: =D60 -> 278.549 | E66: =E60 -> 412.7738 | F66: =F60 -> 322.9904
B67: Total | D67: =SUM(D64:D66) -> 2984.7954 | E67: =SUM(E64:E66) -> 1596.6873 | F67: =SUM(F64:F66) -> 2525.1973
A69: MÓDULO 3: PROVISÃO PARA RESCISÃO | D69: Encarregado geral 44h | E69: Auxiliar de Refrigeração 44h | F69: Mecânico de Ar Central 44 h
A70: 3 | B70: Provisão para Rescisão | D70: Valor(R$) | E70: Valor(R$) | F70: Valor(R$)
A71: A | B71: Aviso prévio indenizado | D71: =((D33+D37+D38)/12)*5% -> 19.955502 | E71: =((E33+E37+E38)/12)*5% -> 8.7300209 | F71: =((F33+F37+F38)/12)*5% -> 16.238781
A72: B | B72: Incidência do FGTS sobre o Aviso Prévio Indenizado | D72: =((D33+D37)/12)*5%*8% -> 1.4360405 | E72: =((E33+E37)/12)*5%*8% -> 0.62823095 | F72: =((F33+F37)/12)*5%*8% -> 1.1685774
A73: C | B73: Multa do FGTS e contribuição social sobre o aviso prévio indenizado | D73: 0 | E73: 0 | F73: 0
A74: D | B74: Aviso prévio trabalhado | D74: =(((D33+D59)/30/12)*7) -> 77.385972 | E74: =(((E33+E59)/30/12)*7) -> 33.887194 | F74: =(((F33+F59)/30/12)*7) -> 62.983667
A75: E | B75: Incidência de GPS, FGTS e outras contribuições sobre o aviso prévio trabalhado | D75: =(D33/30/12*7)*8% -> 6.1862111 | E75: =(E33/30/12*7)*8% -> 2.7063089 | F75: =(F33/30/12*7)*8% -> 5.0340267
A76: F | B76: Multa do FGTS e contribuição social sobre o aviso prévio trabalhado | D76: =D33*4% -> 159.074 | E76: =E33*4% -> 69.5908 | F76: =F33*4% -> 129.4464
B77: TOTAL | D77: =SUM(D71:D76) -> 264.03773 | E77: =SUM(E71:E76) -> 115.54256 | F77: =SUM(F71:F76) -> 214.87145
A79: MÓDULO 4: CUSTO DE REPOSIÇÃO DO PROFISSIONAL AUSENTE | D79: Encarregado geral 44h | E79: Auxiliar de Refrigeração 44h | F79: Mecânico de Ar Central 44 h
A80: 4.1 | B80: Submódulo 4.1. Ausências legais | D80: Valor(R$) | E80: Valor(R$) | F80: Valor(R$)
A81: A | B81: Substituto na cobertura de férias | D81: 0 | E81: 0 | F81: 0
A82: B | B82: Substituto na cobertura de Ausências legais | D82: =(((D33+D67+D77+D85+D106)-(D57-D58-D103-D104))/30*2.96)/12 -> 66.737481 | E82: =(((E33+E67+E77+E85+E106)-(E57-E58-E103-E104))/30*2.96)/12 -> 35.434707 | F82: =(((F33+F67+F77+F85+F106)-(F57-F58-F103-F104))/30*2.96)/12 -> 56.986345
A83: C | B83: Substituto na cobertura de Licença paternidade | D83: =(((D33+D67+D77+D85+D106)-(D57-D58-D103-D104))/30*5*1.5%)/12 -> 1.6909835 | E83: =(((E33+E67+E77+E85+E106)-(E57-E58-E103-E104))/30*5*1.5%)/12 -> 0.89783887 | F83: =(((F33+F67+F77+F85+F106)-(F57-F58-F103-F104))/30*5*1.5%)/12 -> 1.4439108
A84: D | B84: Substituto na cobertura de Ausência por Acidente de trabalho | D84: =(((D33+D67+D77+D85+D106)-(D57-D58-D103-D104))/30*15*0.78%)/12 -> 2.6379342 | E84: =(((E33+E67+E77+E85+E106)-(E57-E58-E103-E104))/30*15*0.78%)/12 -> 1.4006286 | F84: =(((F33+F67+F77+F85+F106)-(F57-F58-F103-F104))/30*15*0.78%)/12 -> 2.2525008
A85: E | B85: Substituto na cobertura de Afastamento Maternidade | D85: =(((D38*3.95/12)+(D59*3.95*1.02%))/12+((D33+D37)*39.8%*3.95)*1.02%/12) -> 18.966503 | E85: =(((E38*3.95/12)+(E59*3.95*1.02%))/12+((E33+E37)*39.8%*3.95)*1.02%/12) -> 8.303025 | F85: =(((F38*3.95/12)+(F59*3.95*1.02%))/12+((F33+F37)*39.8%*3.95)*1.02%/12) -> 15.435859
A86: F | B86: Substituto na cobertura de outras ausências (especificar) | D86: 0 | E86: 0 | F86: 0
B87: TOTAL | D87: =SUM(D81:D86) -> 90.032901 | E87: =SUM(E81:E86) -> 46.0362 | F87: =SUM(F81:F86) -> 76.118616
A89: Submódulo 4.2 - Intrajornada | D89: Encarregado geral 44h | E89: Auxiliar de Refrigeração 44h | F89: Mecânico de Ar Central 44 h
A90: 4.2 | B90: Intrajornada | D90: Valor(R$) | E90: Valor(R$) | F90: Valor(R$)
A91: A | B91: Intervalo para repouso ou alimentação | D91: 0 | E91: 0 | F91: 0
B92: TOTAL | D92: 0 | E92: 0 | F92: 0
A94: Quadro-Resumo do Módulo 4 - Custo de Reposição do Profissional Ausente | D94: Encarregado geral 44h | E94: Auxiliar de Refrigeração 44h | F94: Mecânico de Ar Central 44 h
A95: 4 | B95: Custo de reposição | D95: Valor (R$) | E95: Valor (R$) | F95: Valor (R$)
A96: 4.1 | B96: Ausências legais | D96: =D87 -> 90.032901 | E96: =E87 -> 46.0362 | F96: =F87 -> 76.118616
A97: 4.2 | B97: Intrajornada | D97: 0 | E97: 0 | F97: 0
B98: Total | D98: =SUM(D96:D97) -> 90.032901 | E98: =SUM(E96:E97) -> 46.0362 | F98: =SUM(F96:F97) -> 76.118616
A100: MÓDULO 5: INSUMOS DIVERSOS | D100: Encarregado geral 44h | E100: Auxiliar de Refrigeração 44h | F100: Mecânico de Ar Central 44 h
A101: 5 | B101: Insumos Diversos | D101: Valor(R$) | E101: Valor(R$) | F101: Valor(R$)
A102: A | B102: Uniformes E EPIS | D102: ='An IIC2 Uniformes Item2'!F17 -> 64.35 | E102: ='An IIC2 Uniformes Item2'!G51 -> 175.8275 | F102: ='An IIC2 Uniformes Item2'!G51 -> 175.8275
A103: B | B103: Materiais
A104: C | B104: Equipamentos | D104: ='An IIE Equip Item 2'!E71 -> 173.635 | E104: ='An IIE Equip Item 2'!E71 -> 173.635 | F104: ='An IIE Equip Item 2'!E71 -> 173.635
A105: D | B105: Outros
B106: Total de Insumos Diversos | D106: =SUM(D102:D105) -> 237.985 | E106: =SUM(E102:E105) -> 349.4625 | F106: =SUM(F102:F105) -> 349.4625
A108: MÓDULO 6: CUSTOS INDIRETOS, TRIBUTOS E LUCRO – (LUCRO PRESUMIDO) | D108: Encarregado geral 44h | E108: Auxiliar de Refrigeração 44h | F108: Mecânico de Ar Central 44 h
A109: 6 | B109: Custos Indiretos, Tributos e Lucro | C109: % | D109: Valor(R$) | E109: Valor(R$) | F109: Valor(R$)
A110: A | B110: Custos Indiretos | C110: 4.8 | D110: =(D127)*$C$110/100 -> 362.57765 | E110: =(E127)*$C$110/100 -> 184.67993 | F110: =(F127)*$C$110/100 -> 307.28687
A111: B | B111: Lucro | C111: 3.92 | D111: =(D127+D110)*$C$111/100 -> 310.31813 | E111: =(E127+E110)*$C$111/100 -> 158.0614 | F111: =(F127+F110)*$C$111/100 -> 262.99659
A112: C | B112: Tributos
B113: C.1) Tributos Federais (PIS = 0,65% e COFINS = 3%) | C113: =3+0.65 -> 3.65 | D113: =((D127+D110+D111)/(1-($C$113+$C$115)/100))*$C$113/100 -> 328.70365 | E113: =((E127+E110+E111)/(1-($C$113+$C$115)/100))*$C$113/100 -> 167.42611 | F113: =((F127+F110+F111)/(1-($C$113+$C$115)/100))*$C$113/100 -> 278.57844
B114: C.2) Tributos Estaduais (especificar)
...

Sheet Anexo IVA1 Custos DEMO Item 1
A1: PRÓ-REITORIA DE ADMINISTRAÇÃO
A2: COORDENAÇÃO DE CONTRATOS
A4: Anexo IV A1 - PLANILHA DE COMPOSIÇÃO DE CUSTOS E FORMAÇÃO DE PREÇOS (Anexo VII da I.N. da SLTI/MPOG n.º 5 de 26/Maio/2017
A5: ITEM 1 - NITERÓI/RJ
A6: Contratação de empresa para prestação de serviços continuados de Manutenção preventiva e corretiva de equipamentos de refrigeração Central, com fornecimento de materiais de reposição e atendimento na Universidade Federal Fluminense
A8: Custo total da contratação ITEM 1 - NITERÓI
A9: ITEM | B9: DISCRIMINAÇÃO DO POSTO | C9: POSTOS | D9: FUNCIONÁRIOS | E9: VALOR MENSAL POR POSTO | F9: TOTAL MENSAL | G9: TOTAL ANUAL
A10: 1 | B10: Encarregado geral 44h | C10: 1 | D10: 1 | E10: ='An IIIA Item 1'!D150 -> 10599.135 | F10: =E10*C10 -> 10599.135 | G10: =12*F10 -> 127189.62
A11: 2 | B11: Auxiliar de Refrigeração 44h | C11: 4 | D11: 4 | E11: ='An IIIA Item 1'!E150 -> 5338.715 | F11: =E11*C11 -> 21354.86 | G11: =12*F11 -> 256258.32
A12: 3 | B12: Auxiliar de Refrigeração 12x36h Diurno | C12: ='An IIA Distribuição Postos'!G11 -> 1 | D12: 2 | E12: ='An IIIA Item 1'!F151 -> 10152.94 | F12: =E12*C12 -> 10152.94 | G12: =12*F12 -> 121835.28
A13: 4 | B13: Auxiliar de Refrigeração 12x36h Noturno | C13: 1 | D13: 2 | E13: ='An IIIA Item 1'!G151 -> 11016.76 | F13: =E13*C13 -> 11016.76 | G13: =12*F13 -> 132201.12
A14: 5 | B14: Mecânico de Ar Central 44 h | C14: 4 | D14: 4 | E14: ='An IIIA Item 1'!H150 -> 8582.859 | F14: =E14*C14 -> 34331.436 | G14: =12*F14 -> 411977.23
A15: 6 | B15: Mecânico de Ar Central 12x36h Diurno | C15: 1 | D15: 2 | E15: ='An IIIA Item 1'!I151 -> 16641.228 | F15: =E15*C15 -> 16641.228 | G15: =12*F15 -> 199694.74
A16: 7 | B16: Mecânico de Ar Central 12x36h Noturno | C16: 1 | D16: 2 | E16: ='An IIIA Item 1'!J151 -> 18248.026 | F16: =E16*C16 -> 18248.026 | G16: =12*F16 -> 218976.31
A17: TOTAL | C17: =SUM(C10:C16) -> 13 | D17: =SUM(D10:D16) -> 17 | F17: =SUM(F10:F16) -> 122344.39 | G17: =12*F17 -> 1468132.6

Sheet Anexo IVA2 Custos DEMO Item 2
A1: PRÓ-REITORIA DE ADMINISTRAÇÃO
A2: COORDENAÇÃO DE CONTRATOS
A4: Anexo IV A2 - PLANILHA DE COMPOSIÇÃO DE CUSTOS E FORMAÇÃO DE PREÇOS (Anexo VII da I.N. da SLTI/MPOG n.º 5 de 26/Maio/2017
A5: ITEM 2- CAMPOS DOS GOYTACAZES/RJ
A6: Contratação de empresa para prestação de serviços continuados de Manutenção preventiva e corretiva de equipamentos de refrigeração Central, com fornecimento de materiais de reposição e atendimento na Universidade Federal Fluminense
A8: Custo total da contratação ITEM 2 - CAMPOS DOS GOYTACAZES
A9: ITEM | B9: DISCRIMINAÇÃO DO POSTO | C9: POSTOS | D9: FUNCIONÁRIOS | E9: VALOR MENSAL POR POSTO | F9: TOTAL MENSAL | G9: TOTAL ANUAL
A10: 1 | B10: Encarregado geral 44h | C10: 1 | D10: 1 | E10: ='An IIIB Item 2'!D155 -> 9593.6989 | F10: =E10*C10 -> 9593.6989 | G10: =12*F10 -> 115124.39
A11: 2 | B11: Auxiliar de Refrigeração 44h | C11: 2 | D11: 2 | E11: ='An IIIB Item 2'!E155 -> 4886.5771 | F11: =E11*C11 -> 9773.1542 | G11: =12*F11 -> 117277.85
A12: 5 | B12: Mecânico de Ar Central 44 h | C12: 1 | D12: 1 | E12: ='An IIIB Item 2'!F155 -> 8130.7211 | F12: =E12*C12 -> 8130.7211 | G12: =12*F12 -> 97568.653
A13: TOTAL | C13: =SUM(C10:C12) -> 4 | D13: =SUM(D10:D12) -> 4 | F13: =SUM(F10:F12) -> 27497.574 | G13: =12*F13 -> 329970.89

Sheet Anexo IV B BDI Serviços
A1: PRÓ-REITORIA DE ADMINISTRAÇÃO
A2: COORDENAÇÃO DE CONTRATOS
A4: Anexo IV B - PLANILHA DE COMPOSIÇÃO DE BDI Serviços
A5: Contratação de empresa para prestação de serviços continuados de Manutenção preventiva e corretiva de equipamentos de refrigeração Central, com fornecimento de materiais de reposição e atendimento na Universidade Federal Fluminense
A7: ITEM | B7: DESCRIÇÃO | D7: TAXA
A8: 1 | B8: Administração Central (AC) | D8: 0.04
A9: 2 | B9: Seguro + Garantia (S + G) | D9: 0.008
A10: 3 | B10: Risco ® | D10: 0.0127
A11: 4 | B11: Outros (especificar) (O) | D11: 0
A12: 5 | B12: Subtotal [(AC + S + G + R + O)] | D12: =SUM(D8:D11) -> 0.0607
A13: 6 | B13: Despesas Financeiras (DF) | D13: 0.0123
A14: 7 | B14: Lucro (L) | D14: 0.074
A15: 8 | B15: Outros (especificar) (O) | D15: 0
A16: 9 | B16: Subtotal [(1+DF)x(1+L)x(1+O)] | D16: =(D13+1)*(1+D14)*(1+D15)-1 -> 0.0872102
A17: Total de Benefícios e Despesas - TBD (incidência de subtotal 9 sobre subtotal 5) | D17: =((1+D$16)*(1+D$12))-1 -> 0.15320386
A18: 10 | B18: Impostos e Taxas | C18: COFINS | D18: 0.03
C19: PIS | D19: 0.0065
C20: ISS | D20: 0.05
C21: Subtotal de Impostos (COFINS+PIS+ISS) | D21: =SUM(D18:D20) -> 0.0865
C22: Contribuição Previdenciária sobre receita bruta (CPRB)
C23: Total de Tributos (COFINS+PIS+ISS+CPRB) = TT | D23: =D21+D22 -> 0.0865
A24: VALOR DO BDI = [(1+TBD) / (1-TT)]-1 | D24: =((D$17+1)/(1-D23))-1 -> 0.2624016
A25: Local e data:
A26: Responsável Técnico pelo Orçamento: | D26: CREA:
A28: Responsável legal pela empresa:
A30: OBS: A planilha deve ser assinada pelo responsável técnico pela sua confecção (Art. 14 Lei 5.194/66), identificado através de carimbo com número do CREA e pelo representante legal da empresa, com carimbo do CNPJ.
A33: Fórmula utilizada:
A34: PV = CD x (1 + BDI%/100) < > | C34: BDI = [ (1 +(AC + S + R + G)) x (1 +DF) x (1 + L) ] -1
A35: sendo: | C35: (1 -TT)
A36: PV - preço de venda
A37: CD - custo direto
A38: BDI - benefícios e despesas indiretas
A39: AC - Taxa de despesa de Administração Central
A40: S - Taxa de seguros
A41: R - Taxa de risco
A42: G - Taxa de garantias
A43: DF - Taxa de despesas financeiras
A44: L - Taxa de lucro
A45: I - Taxa de impostos
A47: Base do BDI, conforme Acórdão 2.622/2013, média das alíquotas por tipo de obra "construção de edifícios"

Sheet Anexo IV C BDI Material
A1: PRÓ-REITORIA DE ADMINISTRAÇÃO
A2: COORDENAÇÃO DE CONTRATOS
A4: Anexo IV C - PLANILHA DE COMPOSIÇÃO DE BDI Material
A5: Contratação de empresa para prestação de serviços continuados de Manutenção preventiva e corretiva de equipamentos de refrigeração Central, com fornecimento de materiais de reposição e atendimento na Universidade Federal Fluminense
A7: ITEM | B7: DESCRIÇÃO | D7: TAXA
A8: 1 | B8: Administração Central (AC) | D8: 0.0345
A9: 2 | B9: Seguro + Garantia (S + G) | D9: 0.0048
A10: 3 | B10: Risco ® | D10: 0.0085
A11: 4 | B11: Outros (especificar) (O) | D11: 0
A12: 5 | B12: Subtotal [(AC + S + G + R + O)] | D12: =SUM(D8:D11) -> 0.0478
A13: 6 | B13: Despesas Financeiras (DF) | D13: 0.0085
A14: 7 | B14: Lucro (L) | D14: 0.0511
A15: 8 | B15: Outros (especificar) (O) | D15: 0
A16: 9 | B16: Subtotal [(1+DF)x(1+L)x(1+O)] | D16: =(D13+1)*(1+D14)*(1+D15)-1 -> 0.06003435
A17: Total de Benefícios e Despesas - TBD (incidência de subtotal 9 sobre subtotal 5) | D17: =((1+D16)*(1+D12))-1 -> 0.11070399
A18: 10 | B18: Impostos e Taxas | C18: COFINS | D18: 0.03
C19: PIS | D19: 0.0065
C20: ISS
C21: Subtotal de Impostos (COFINS+PIS+ISS) | D21: =SUM(D18:D20) -> 0.0365
C22: Contribuição Previdenciária sobre receita bruta (CPRB) | D22: 0
C23: Total de Tributos (COFINS+PIS+ISS+CPRB) = TT | D23: =D21+D22 -> 0.0365
A24: VALOR DO BDI = [(1+TBD) / (1-TT)]-1 | D24: =((D$17+1)/(1-D23))-1 -> 0.15278048
A25: Local e data:
A26: Responsável Técnico pelo Orçamento: | D26: CREA:
A28: Responsável legal pela empresa:
A30: OBS: A planilha deve ser assinada pelo responsável técnico pela sua confecção (Art. 14 Lei 5.194/66), identificado através de carimbo com número do CREA e pelo representante legal da empresa, com carimbo do CNPJ.
A33: Fórmula utilizada:
A34: PV = CD x (1 + BDI%/100) < > | C34: BDI = [ (1 +(AC + S + R + G)) x (1 +DF) x (1 + L) ] -1
A35: sendo: | C35: (1 -TT)
A36: PV - preço de venda
A37: CD - custo direto
A38: BDI - benefícios e despesas indiretas
A39: AC - Taxa de despesa de Administração Central
A40: S - Taxa de seguros
A41: R - Taxa de risco
A42: G - Taxa de garantias
A43: DF - Taxa de despesas financeiras
A44: L - Taxa de lucro
A45: I - Taxa de impostos
A47: Base do BDI, conforme Acórdão 2.622/2013, média das alíquotas por tipo de obra "construção de edifícios"

Sheet Anexo IVD1 Eventuais Item 1
A1: PRÓ-REITORIA DE ADMINISTRAÇÃO
A2: COORDENAÇÃO DE CONTRATOS
A4: Anexo IV D1 - PLANILHA DE COMPOSIÇÃO DE CUSTOS E FORMAÇÃO DE PREÇOS (Anexo VII da I.N. da SLTI/MPOG n.º 5 de 26/Maio/2017
A5: ITEM 1 - NITERÓI/RJ
A6: Contratação de empresa para prestação de serviços continuados de Manutenção preventiva e corretiva de equipamentos de refrigeração Central, com fornecimento de materiais de reposição e atendimento na Universidade Federal Fluminense
A8: Custo serviços acessórios, sem DEMO ITEM 1 - NITERÓI
A9: ITEM | B9: DISCRIMINAÇÃO DO POSTO | C9: Custo Hora | D9: BDI | E9: Custo total da Hora | F9: Horas Estimado Semana | G9: Horas Estimado Mês | H9: Custo total do mês | I9: Custo total do ano
A10: 1 | B10: Mecânico de Ar Condicionado | C10: 29.55 | D10: 26,24% | E10: =(C10*D10)+C10 -> 37.30392 | F10: 16 | G10: =F10*4 -> 64 | H10: =G10*E10 -> 2387.4509 | I10: =12*H10 -> 28649.411
A11: 2 | B11: Auxiliar de Refrigeração | C11: 18.09 | D11: 26,24% | E11: =(C11*D11)+C11 -> 22.836816 | F11: 16 | G11: =F11*4 -> 64 | H11: =G11*E11 -> 1461.5562 | I11: =12*H11 -> 17538.675
A12: 3 | B12: Eletricista de manutenção 44h | C12: 29.55 | D12: 26,24% | E12: =(C12*D12)+C12 -> 37.30392 | F12: 24 | G12: =F12*4 -> 96 | H12: =G12*E12 -> 3581.1763 | I12: =12*H12 -> 42974.116
A13: 4 | B13: Engenheiro Mecânico / Automação | C13: 147.57 | D13: 26,24% | E13: =(C13*D13)+C13 -> 186.29237 | F13: 24 | G13: =F13*4 -> 96 | H13: =G13*E13 -> 17884.067 | I13: =12*H13 -> 214608.81
A14: TOTAL | F14: =SUM(F10:F13) -> 80 | G14: =12*F14 -> 960 | H14: =SUM(H10:H13) -> 25314.251 | I14: =SUM(I10:I13) -> 303771.01
A16: Custo serviços acessórios, sem DEMO - ITEM 1 - NITERÓI
A17: ITEM | B17: DISCRIMINAÇÃO DO SERVIÇO | C17: Custo Unitário | D17: BDI | E17: Custo total do Serviço | F17: Quantidade/Mês | G17: Custo total do mês | H17: Custo total do ano
A18: 1 | B18: Controle microbiológico / qualidade do ar | C18: 129.4 | D18: 0.2624 | E18: =(C18*D18)+C18 -> 163.35456 | F18: 12 | G18: =F18*E18 -> 1960.2547 | H18: =12*G18 -> 23523.057
A19: 2 | B19: Análise físico - química água | C19: 172.33 | D19: 0.2624 | E19: =(C19*D19)+C19 -> 217.54939 | F19: 6 | G19: =F19*E19 -> 1305.2964 | H19: =12*G19 -> 15663.556
A20: 3 | B20: Limpeza de dutos de ar condicionado | C20: 39.29 | D20: 0.2624 | E20: =(C20*D20)+C20 -> 49.599696 | F20: 500 | G20: =F20*E20 -> 24799.848 | H20: =12*G20 -> 297598.18
A21: TOTAL | G21: =SUM(G18:G20) -> 28065.399 | H21: =SUM(H18:H20) -> 336784.79
A23: Custo serviços acessórios, sem DEMO - ITEM 1 - NITERÓI
A24: ITEM | B24: DISCRIMINAÇÃO | C24: Custo Unitário | D24: Desconto Aplicado (Em %) | E24: BDI | F24: Custo total do mês | G24: Custo total do ano
A25: 1 | B25: Peças para manutenção (70% mão de obra DEMO) | C25: ='Anexo IVA1 Custos DEMO Item 1'!F17*70% -> 85641.07 | D25: 0 | E25: ='Anexo IV C BDI Material'!D24 -> 0.15278048 | F25: =(C25-(D25*C25))+(E25*(C25-(D25*C25))) -> 98725.353 | G25: =12*F25 -> 1184704.2
A26: 2 | B26: Gás Refrigerante | C26: ='An IIC1 Uniformes Item 1'!E69 -> 14929.73 | D26: 0 | E26: 0.1528 | F26: =(C26-(D26*C26))+(E26*(C26-(D26*C26))) -> 17210.993 | G26: =12*F26 -> 206531.91
A27: TOTAL | F27: =SUM(F25:F26) -> 115936.35 | G27: =SUM(G25:G26) -> 1391236.2

Sheet Anexo IVD2 Eventuais Item 2
A1: PRÓ-REITORIA DE ADMINISTRAÇÃO
A2: COORDENAÇÃO DE CONTRATOS
A4: Anexo IV D2 - PLANILHA DE COMPOSIÇÃO DE CUSTOS E FORMAÇÃO DE PREÇOS (Anexo VII da I.N. da SLTI/MPOG n.º 5 de 26/Maio/2017
A5: ITEM 2- CAMPOS DOS GOYTACAZES/RJ
A6: Contratação de empresa para prestação de serviços continuados de Manutenção preventiva e corretiva de equipamentos de refrigeração Central, com fornecimento de materiais de reposição e atendimento na Universidade Federal Fluminense
A8: Custo serviços acessórios, sem DEMO ITEM 2- CAMPOS DOS GOYTACAZES/RJ
A9: ITEM | B9: DISCRIMINAÇÃO DO POSTO | C9: Custo Hora | D9: BDI | E9: Custo total da Hora | F9: Horas Estimado Semana | G9: Horas Estimado Mês | H9: Custo total do mês | I9: Custo total do ano
A10: 1 | B10: Mecânico de Ar Condicionado | C10: 29.55 | D10: 26,24% | E10: =(C10*D10)+C10 -> 37.30392 | F10: 8 | G10: =F10*4 -> 32 | H10: =G10*E10 -> 1193.7254 | I10: =12*H10 -> 14324.705
A11: 2 | B11: Auxiliar de Refrigeração | C11: 18.09 | D11: 26,24% | E11: =(C11*D11)+C11 -> 22.836816 | F11: 8 | G11: =F11*4 -> 32 | H11: =G11*E11 -> 730.77811 | I11: =12*H11 -> 8769.3373
A12: 3 | B12: Eletricista de manutenção 44h | C12: 29.55 | D12: 26,24% | E12: =(C12*D12)+C12 -> 37.30392 | F12: 8 | G12: =F12*4 -> 32 | H12: =G12*E12 -> 1193.7254 | I12: =12*H12 -> 14324.705
A13: 4 | B13: Engenheiro Mecânico / Automação | C13: 147.57 | D13: 26,24% | E13: =(C13*D13)+C13 -> 186.29237 | F13: 16 | G13: =F13*4 -> 64 | H13: =G13*E13 -> 11922.712 | I13: =12*H13 -> 143072.54
A14: TOTAL | F14: =SUM(F10:F13) -> 40 | G14: =12*F14 -> 480 | H14: =SUM(H10:H13) -> 15040.941 | I14: =SUM(I10:I13) -> 180491.29
A16: Custo serviços acessórios, sem DEMO - ITEM 2- CAMPOS DOS GOYTACAZES/RJ
A17: ITEM | B17: DISCRIMINAÇÃO DO SERVIÇO | C17: Custo Unitário | D17: BDI | E17: Custo total do Serviço | F17: Quantidade Mês | G17: Custo total do mês | H17: Custo total do ano
A18: 1 | B18: Controle microbiológico / qualidade do ar | C18: 129.4 | D18: 0.2624 | E18: =(C18*D18)+C18 -> 163.35456 | F18: 2 | G18: =F18*E18 -> 326.70912 | H18: =12*G18 -> 3920.5094
A19: 2 | B19: Análise físico - química água | C19: 172.33 | D19: 0.2624 | E19: =(C19*D19)+C19 -> 217.54939 | F19: 2 | G19: =F19*E19 -> 435.09878 | H19: =12*G19 -> 5221.1854
A20: 3 | B20: Limpeza de dutos de ar condicionado | C20: 39.29 | D20: 0.2624 | E20: =(C20*D20)+C20 -> 49.599696 | F20: 200 | G20: =F20*E20 -> 9919.9392 | H20: =12*G20 -> 119039.27
A21: TOTAL | G21: =SUM(G18:G20) -> 10681.747 | H21: =SUM(H18:H20) -> 128180.97
A23: Custo serviços acessórios, sem DEMO - ITEM 2- CAMPOS DOS GOYTACAZES/RJ
A24: ITEM | B24: DISCRIMINAÇÃO | C24: Custo Unitário | D24: Desconto Aplicado (Em %) | E24: BDI | F24: Custo total do mês | G24: Custo total do ano
A25: 1 | B25: Peças para manutenção (50% mão de obra DEMO) | C25: ='Anexo IVA2 Custos DEMO Item 2'!F13*50% -> 13748.787 | D25: 0 | E25: 0.1528 | F25: =(C25-(D25*C25))+(E25*(C25-(D25*C25))) -> 15849.602 | G25: =12*F25 -> 190195.22
A26: 2 | B26: Gás Refrigerante | C26: ='An IIC2 Uniformes Item2'!E60 -> 5003 | D26: 0 | E26: 0.1528 | F26: =(C26-(D26*C26))+(E26*(C26-(D26*C26))) -> 5767.4584 | G26: =12*F26 -> 69209.501
A27: TOTAL | F27: =SUM(F25:F26) -> 21617.06 | G27: =SUM(G25:G26) -> 259404.72

Sheet Anexo IVE Custos Totais Item1
A1: PRÓ-REITORIA DE ADMINISTRAÇÃO
A2: COORDENAÇÃO DE CONTRATOS
A4: Anexo IV E1 - PLANILHA DE COMPOSIÇÃO DE CUSTOS E FORMAÇÃO DE PREÇOS (Anexo VII da I.N. da SLTI/MPOG n.º 5 de 26/Maio/2017
A5: ITEM 1 - NITERÓI/RJ
A6: Contratação de empresa para prestação de serviços continuados de Manutenção preventiva e corretiva de equipamentos de refrigeração Central, com fornecimento de materiais de reposição e atendimento na Universidade Federal Fluminense
A8: ITEM 1 - NITERÓI/RJ
A9: ITEM | B9: DESCRIÇÃO | C9: UNID | D9: MESES | E9: TOTAL MENSAL | F9: TOTAL ANUAL
A10: 1 | B10: Mão de obra permanente | C10: MÊS | D10: 30 | E10: ='Anexo IVA1 Custos DEMO Item 1'!F17 -> 122344.39 | F10: =12*E10 -> 1468132.6
A11: 2 | B11: Análise Quimica da Água | C11: UNID | D11: 30 | E11: ='Anexo IVD1 Eventuais Item 1'!G19 -> 1305.2964 | F11: =12*E11 -> 15663.556
A12: 3 | B12: Análise do Ar | C12: UNID | D12: 30 | E12: ='Anexo IVD1 Eventuais Item 1'!G18 -> 1960.2547 | F12: =12*E12 -> 23523.057
A13: 4 | B13: Limpeza de Rede de Dutos | C13: UNID | D13: 30 | E13: ='Anexo IVD1 Eventuais Item 1'!G20 -> 24799.848 | F13: =12*E13 -> 297598.18
A14: 5 | B14: Serviços eventuais sem cessão de mão de obra dedicada | C14: MÊS | D14: 30 | E14: ='Anexo IVD1 Eventuais Item 1'!H14 -> 25314.251 | F14: =12*E14 -> 303771.01
A15: 6 | B15: Gás Refrigererante | C15: MÊS | D15: 30 | E15: ='Anexo IVD1 Eventuais Item 1'!F26 -> 17210.993 | F15: =12*E15 -> 206531.91
A16: 7 | B16: Peças para manutenção (70% mão de obra) | C16: MÊS | D16: 30 | E16: ='Anexo IVD1 Eventuais Item 1'!F25 -> 98725.353 | F16: =12*E16 -> 1184704.2
A17: TOTAL GRUPO 1 (VALOR DO LANCE COMPRASNET) | E17: =SUM(E10:E16) -> 291660.38 | F17: =SUM(F10:F16) -> 3499924.6

Sheet Anexo IVE Custos Totais Item2
A1: PRÓ-REITORIA DE ADMINISTRAÇÃO
A2: COORDENAÇÃO DE CONTRATOS
A4: Anexo IV E2 - PLANILHA DE COMPOSIÇÃO DE CUSTOS E FORMAÇÃO DE PREÇOS (Anexo VII da I.N. da SLTI/MPOG n.º 5 de 26/Maio/2017
A5: ITEM 2- CAMPOS DOS GOYTACAZES/RJ
A6: Contratação de empresa para prestação de serviços continuados de Manutenção preventiva e corretiva de equipamentos de refrigeração Central, com fornecimento de materiais de reposição e atendimento na Universidade Federal Fluminense
A8: ITEM 2- CAMPOS DOS GOYTACAZES/RJ
A9: ITEM | B9: DESCRIÇÃO | C9: UNID | D9: MESES | E9: TOTAL MENSAL | F9: TOTAL ANUAL
A10: 1 | B10: Mão de obra permanente | C10: MÊS | D10: 12 | E10: ='Anexo IVA2 Custos DEMO Item 2'!F13 -> 27497.574 | F10: =12*E10 -> 329970.89
A11: 2 | B11: Análise Quimica da Água | C11: UNID | D11: 12 | E11: ='Anexo IVD2 Eventuais Item 2'!G19 -> 435.09878 | F11: =12*E11 -> 5221.1854
A12: 3 | B12: Análise do Ar | C12: UNID | D12: 12 | E12: ='Anexo IVD2 Eventuais Item 2'!G18 -> 326.70912 | F12: =12*E12 -> 3920.5094
A13: 4 | B13: Limpeza de Rede de Dutos | C13: UNID | D13: 12 | E13: ='Anexo IVD2 Eventuais Item 2'!G20 -> 9919.9392 | F13: =12*E13 -> 119039.27
A14: 4 | B14: Serviços eventuais sem cessão de mão de obra dedicada | C14: MÊS | D14: 12 | E14: ='Anexo IVD2 Eventuais Item 2'!H14 -> 15040.941 | F14: =12*E14 -> 180491.29
A15: 5 | B15: Gás Refrigerante | C15: MÊS | D15: 12 | E15: ='Anexo IVD2 Eventuais Item 2'!F26 -> 5767.4584 | F15: =12*E15 -> 69209.501
A16: 6 | B16: Peças para manutenção (50% mão de obra) | C16: MÊS | D16: 12 | E16: ='Anexo IVD2 Eventuais Item 2'!F25 -> 15849.602 | F16: =12*E16 -> 190195.22
A17: TOTAL ITEM 2 (VALOR DO LANCE COMPRASNET) | E17: =SUM(E10:E16) -> 74837.322 | F17: =SUM(F10:F16) -> 898047.86 | J17: =F17+'Anexo IVE Custos Totais Item1'!F17 -> 4397972.4
